 Dungeon Crawl Stone Soup version 0.31-a0-1096-g246cf01 (webtiles) character file.

Game seed: 7013569839219320005

15007757 DevouringOne the Tengu of Death (level 27, 31/193 HPs)
             Began as a Tengu Air Elementalist on Nov 29, 2023.
             Was an Initiate of Gozag.
             Escaped with the Orb
             ... and 15 runes!
             The game lasted 03:47:49 (104915 turns).

DevouringOne the Tengu of Death (TeAE)            Turns: 104915, Time: 03:47:49

Health: 31/193     AC: 14    Str: 12    XL:     27
Magic:  63/63      EV: 35    Int: 37    God:    Gozag
Gold:   2726       SH:  9    Dex: 22    Spells: 9/78 levels left

rFire   + + .        (no weapon)
rCold   + + +        S - +3 buckler {rC+}
rNeg    + + +        N - +5 leather armour of the Maze {Regen+}
rPois   ∞            L - +2 hat
rElec   +            m - scarf {rC+ rF+}
rCorr   +            c - +2 pair of gloves {Stlth+}
SInv    .            (boots unavailable)
Will    +++..        W - amulet of Vitality {RegenMP++ Regen++}
Stlth   ++           Y - ring of Wonder {rElec rF+ rC- Int+7}
HPRegen 2.92/turn    P - ring "Ulotz" {rC+ rCorr MP+9 Str+5}
MPRegen 1.18/turn

%: acrobat
@: death-form, flying, studying 2 skills
A: vile attack, torment immunity, no potions, flying, beak, talons 3, evasive
flight, acrobatic, thin skeletal structure 2, agile 1
0: Orb of Zot
}: 15/15 runes: barnacled, slimy, silver, golden, iron, obsidian, icy, bone,
abyssal, demonic, glowing, magical, fiery, dark, gossamer
a: Siphon Essence, Begin Untransformation, Renounce Religion, Potion Petition,
Call Merchant, Bribe Branch


You escaped.
You worshipped Gozag.
Gozag was most pleased with you.
You were an undying horror.
You visited 18 branches of the dungeon, and saw 87 of its levels.
You visited Pandemonium 1 time, and saw 12 of its levels.
You visited the Abyss 2 times.
You visited 1 ziggurat, and saw 19 of its levels.

You collected 50042 gold pieces.
You spent 8640 gold pieces at shops.
You paid 38676 gold pieces to Gozag.

Inventory:

Hand Weapons
 z - the +6 Majin-Bo {spellvamp, MP+6 Int+6}
   (You found it on level 3 of the Tomb of the Ancients)

   Int+6:     It affects your intelligence (+6).
   MP+6:      It affects your magic capacity (+6).
Missiles
 D - 2 throwing nets
Armour
 c - a +2 pair of gloves of stealth (worn)
 m - a scarf of resistance (worn)
 L - a +2 hat (worn)
 N - the +5 leather armour of the Maze (worn) {Regen+}
   (You found it in Pandemonium)

   Regen+:    It increases your rate of health regeneration.
 S - a +3 buckler of cold resistance (worn)
Magical Staves
 x - the staff of the Tent {+Blink rElec rPois rN+ Int-2 Necro}
   (You found it on level 5 of a ziggurat)

   [staff of death]

   Base accuracy: +5 Base damage: 5 Base attack delay: 1.2 This weapon's minimum
   attack delay (0.6) is reached at skill level 12.
   Int-2:     It affects your intelligence (-2).
   rElec:     It insulates you from electricity.
   rPois:     It protects you from poison rN+: It protects you from negative
   energy.
   +Blink:    It lets you blink.
   Necro:     It increases the power of your Necromancy spells.
   It falls into the 'Staves' category.
   It is a one-handed weapon.
Jewellery
 a - the ring of Asunwic {Will+ Str+2 Dex+6 SInv}
   (You found it on level 16 of a ziggurat)

   [ring of dexterity]

   Str+2:     It affects your strength (+2).
   Dex+6:     It affects your dexterity (+6).
   Will+:     It increases your willpower.
   SInv:      It lets you see invisible.
 r - the ring of Eternity {rElec rC+ rN++ Str-5 Int+3}
   (You found it on level 13 of a ziggurat)

   [ring of protection from cold]

   Str-5:     It affects your strength (-5).
   Int+3:     It affects your intelligence (+3).
   rC+:       It protects you from cold.
   rElec:     It insulates you from electricity.
   rN++:      It greatly protects you from negative energy.
 A - the ring "Lorhug Mas" {Fly rElec MP+9 Int-3 Dex+6}
   (You found it on level 5 of the Vaults)

   [ring of flight]

   Int-3:     It affects your intelligence (-3).
   Dex+6:     It affects your dexterity (+6).
   rElec:     It insulates you from electricity.
   MP+9:      It affects your magic capacity (+9).
   Fly:       It grants you flight.
 M - the ring "Cischeh" {rN+ rCorr MP+9 Stlth+}
   (You found it on level 3 of the Tomb of the Ancients)

   [ring of magical power]

   rN+:       It protects you from negative energy.
   MP+9:      It affects your magic capacity (+9).
   rCorr:     It protects you from acid and corrosion.
   Stlth+:    It makes you more stealthy.
 P - the ring "Ulotz" (right hand) {rC+ rCorr MP+9 Str+5}
   (You bought it in a shop on level 5 of the Lair of Beasts)

   [ring of protection from cold]

   Str+5:     It affects your strength (+5).
   rC+:       It protects you from cold.
   MP+9:      It affects your magic capacity (+9).
   rCorr:     It protects you from acid and corrosion.
 V - the ring "Lutibiar" {rElec rPois rC+ Will- rCorr}
   (You found it on level 3 of the Tomb of the Ancients)

   [ring of poison resistance]

   rC+:       It protects you from cold.
   rElec:     It insulates you from electricity.
   rPois:     It protects you from poison Will-: It decreases your willpower.
   rCorr:     It protects you from acid and corrosion.
 W - the amulet of Vitality (around neck) {RegenMP++ Regen++}
   (You bought it in a shop on level 4 of the Vaults)

   [amulet of magic regeneration]

   RegenMP:   It increases your rate of magic regeneration.
   Regen++:   It increases your rate of health regeneration.
 Y - the ring of Wonder (left hand) {rElec rF+ rC- Int+7}
   (You bought it in a shop on level 3 of the Depths)

   [ring of protection from fire]

   Int+7:     It affects your intelligence (+7).
   rF+:       It protects you from fire.
   rC-:       It makes you vulnerable to cold.
   rElec:     It insulates you from electricity.
 Z - the ring of Jawkoet {rF+ rC++ rN+ Slay-5}
   (You bought it in a shop on level 2 of the Spider Nest)

   [ring of protection from fire]

   Slay-5:    It affects your accuracy & damage with ranged weapons and melee
   (-5).
   rF+:       It protects you from fire.
   rC++:      It greatly protects you from cold.
   rN+:       It protects you from negative energy.
Talismans
 C - the death talisman of the Exiled Olives (active) {rCorr}
   (You found it in Pandemonium)

   [talisman of death]

   rCorr:     It protects you from acid and corrosion.
Wands
 e - a wand of acid (59)
 y - a wand of polymorph (25)
 E - a wand of digging (30)
Scrolls
 d - 22 scrolls of teleportation
 g - 14 scrolls of fog
 h - 10 scrolls of vulnerability
 k - 3 scrolls of noise
 n - 3 scrolls of poison
 t - 8 scrolls of silence
 v - 15 scrolls of immolation
 w - 15 scrolls of amnesia
 K - 5 scrolls of enchant armour
 R - 5 scrolls of torment
 U - 7 scrolls of fear
Potions
 b - 3 potions of magic
 f - 14 potions of curing
 j - 8 potions of brilliance
 l - 2 potions of ambrosia
 q - 19 potions of mutation
 s - 3 potions of haste
 u - 6 potions of resistance
 B - 5 potions of invisibility
 G - 6 potions of berserk rage
 H - 5 potions of heal wounds
 J - 14 potions of enlightenment
 O - 8 potions of might
 Q - 2 potions of cancellation
 T - 6 potions of attraction
 X - 5 potions of lignification
Miscellaneous
 i - a phantom mirror
 p - a tin of tremorstones (2/2)
 F - a figurine of a ziggurat
 I - a lightning rod (4/4)


   Skills:
 - Level 25.5 Fighting
 - Level 10.0 Armour
 - Level 24.9 Dodging
 - Level 2.0 Stealth
 - Level 4.0 Shields
 + Level 26.2 Spellcasting
 - Level 26.9 Conjurations
 O Level 27 Necromancy
 - Level 22.3 Fire Magic
 - Level 26.9 Air Magic
 - Level 5.0 Poison Magic
 - Level 5.0 Evocations
 - Level 23.0 Shapeshifting


You had 9 spell levels left.
You knew the following spells:

 Your Spells              Type           Power      Damage    Failure   Level
a - Shock                 Conj/Air       100%       1d9       0%          1
b - Airstrike             Air            64%        2d(10-26) 0%          4
c - Arcjolt               Conj/Air       64%        1d74      0%          5
d - Maxwell's Capacitive  Air            64%        ∞         1%          8
e - Olgreb's Toxic Radia  Pois           71%        N/A       1%          4
f - Orb of Destruction    Conj           64%        9d15      0%          7
g - Chain Lightning       Conj/Air       64%        3d85      1%          9
h - Fire Storm            Conj/Fire      62%        8d16      2%          9
i - Irradiate             Conj/Tmut      49%        3d28      1%          5
j - Ignition              Fire           59%        3d16      1%          8
k - Death's Door          Necr           64%        N/A       1%          9

Your spell library contained the following spells:

 Spells                   Type           Power      Damage    Failure   Level
 Kiss of Death            Conj/Necr      100%       2d13      0%          1
 Magic Dart               Conj           100%       1d8       0%          1
 Necrotise                Necr           100%       1d9       0%          1
 Cigotuvi's Dreadful Rot  Necr/Pois/Air  100%       N/A       0%          2
 Momentum Strike          Conj/Tloc      100%       3d10      0%          2
 Poisonous Vapours        Pois/Air       100%       N/A       0%          2
 Searing Ray              Conj           100%       2d8       0%          2
 Static Discharge         Conj/Air       100%       3-8/arc   0%          2
 Sublimation of Blood     Necr           100%       N/A       0%          2
 Dazzling Flash           Conj/Hex       100%       N/A       0%          3
 Hailstorm                Conj/Ice       99%        3d19      0%          3
 Mephitic Cloud           Conj/Pois/Air  100%       N/A       0%          3
 Stone Arrow              Conj/Erth      100%       3d13      0%          3
 Swiftness                Air            100%       N/A       0%          3
 Vampiric Draining        Necr           100%       2d13      0%          3
 Dispel Undead            Necr           100%       3d31      0%          4
 Flame Wave               Conj/Fire      100%       2d21      0%          4
 Sticky Flame             Conj/Fire      100%       2d11      0%          4
 Agony                    Necr           100%       N/A       0%          5
 Fireball                 Conj/Fire      62%        3d24      0%          5
 Freezing Cloud           Conj/Ice/Air   55%        6-21      0%          5
 Iskenderun's Battlesphe  Conj           100%       2d15      0%          5
 Conjure Ball Lightning   Conj/Air       64%        3x3d23    0%          6
 Starburst                Conj/Fire      62%        6d16      0%          6
 Apportation              Tloc           96%        N/A       1%          1
 Slow                     Hex            100%       N/A       1%          1
 Sting                    Tmut/Pois      100%       1d8       1%          1
 Summon Small Mammal      Summ           100%       N/A       1%          1
 Blink                    Tloc           96%        N/A       1%          2
 Call Imp                 Summ           96%        N/A       1%          2
 Ensorcelled Hibernation  Hex/Ice        96%        N/A       1%          2
 Lesser Beckoning         Tloc           96%        N/A       1%          2
 Wereblood                Tmut           48%        N/A       1%          2
 Call Canine Familiar     Summ           48%        N/A       1%          3
 Confusing Touch          Hex            48%        N/A       1%          3
 Frozen Ramparts          Ice            96%        1d15      1%          3
 Gell's Gravitas          Tloc           48%        N/A       1%          3
 Ignite Poison            Fire/Tmut/Pois 86%        N/A       1%          3
 Inner Flame              Hex/Fire       92%        N/A       1%          3
 Ozocubu's Armour         Ice            48%        N/A       1%          3
 Sigil of Binding         Hex            48%        N/A       1%          3
 Summon Guardian Golem    Hex/Summ       48%        N/A       1%          3
 Teleport Other           Tloc           48%        N/A       1%          3
 Tukima's Dance           Hex            48%        N/A       1%          3
 Volatile Blastmotes      Fire/Tloc      100%       2d18      1%          3
 Anguish                  Hex/Necr       49%        N/A       1%          4
 Brom's Barrelling Bould  Conj/Erth      99%        2d11      1%          4
 Fulminant Prism          Conj/Hex       49%        3d20      1%          4
 Iskenderun's Mystic Bla  Conj/Tloc      99%        2d19      1%          4
 Summon Lightning Spire   Summ/Air       99%        N/A       1%          4
 Vhi's Electric Charge    Tloc/Air       100%       N/A       1%          4
 Borgnjor's Vile Clutch   Necr/Erth      49%        N/A       1%          5
 Silence                  Hex/Air        49%        N/A       1%          5
 Bombard                  Conj/Erth      49%        9d8       1%          6
 Borgnjor's Revivificati  Necr           64%        N/A       1%          8
 Infestation              Necr           64%        N/A       1%          8
 Haunt                    Necr/Summ      49%        N/A       2%          7
 Spellforged Servitor     Conj/Summ      49%        N/A       2%          7
 Animate Armour           Summ/Erth      96%        N/A       7%          4
 Dimensional Bullseye     Hex/Tloc       24%        N/A       7%          4
 Leda's Liquefaction      Hex/Erth       24%        N/A       7%          4
 Manifold Assault         Tloc           48%        N/A       7%          4
 Passage of Golubria      Tloc           48%        N/A       7%          4
 Petrify                  Tmut/Erth      48%        N/A       7%          4
 Summon Ice Beast         Ice/Summ       48%        N/A       7%          4
 Alistair's Intoxication  Tmut/Pois      40%        N/A       7%          5
 Metabolic Englaciation   Hex/Ice        24%        N/A       19%         5
 Summon Forest            Summ/Tloc      24%        N/A       19%         5
 Summon Mana Viper        Hex/Summ       48%        N/A       19%         5
 Yara's Violent Unravell  Hex/Tmut       24%        3d11      19%         5
 Lehudib's Crystal Spear  Conj/Erth      49%        10d12     19%         8
 Eringya's Noxious Bog    Tmut/Pois      30%        4d6       36%         6
 Dispersal                Tloc           24%        N/A       71%         6
 Summon Cactus Giant      Summ           24%        N/A       71%         6
 Enfeeble                 Hex            24%        N/A       99%         7
 Malign Gateway           Summ/Tloc      24%        N/A       99%         7
 Monstrous Menagerie      Summ           24%        N/A       99%         7
 Ozocubu's Refrigeration  Ice            24%        4d12      99%         7
 Summon Hydra             Summ           24%        N/A       99%         7
 Discord                  Hex            24%        N/A       100%        8
 Disjunction              Tloc           24%        N/A       100%        8
 Summon Horrible Things   Summ           24%        N/A       100%        8
 Shatter                  Erth           24%        3d21*     100%        9
 Animate Dead             Necr           Unusable   N/A       N/A         4
 Simulacrum               Ice/Necr       Unusable   N/A       N/A         6

Dungeon Overview and Level Annotations

Branches:
Dungeon (15/15)            Temple (1/1) D:4            Lair (5/5) D:8
 Shoals (4/4) Lair:2       Spider (4/4) Lair:3        Slime (5/5) Lair:4
    Orc (2/2) D:11            Elf (3/3) Orc:2        Vaults (5/5) D:14
  Crypt (3/3) Vaults:2       Tomb (3/3) Crypt:3      Depths (4/4) D:15
   Hell (visited)             Dis (7/7) Hell            Geh (7/7) Hell
    Coc (7/7) Hell            Tar (7/7) Hell            Zot (5/5) Depths:4

Altars:
Ashenzari
Cheibriados
Dithmenos
Elyvilon
Fedhas
Gozag
Hepliaklqana
Kikubaaqudgha
Makhleb
Nemelex Xobeh
Okawaru
Qazlal
Ru
Sif Muna
Trog
Uskayaw
Vehumet
Wu Jian
Xom
Yredelemnul
Zin
The Shining One
Jiyva

Shops:
D:10 *   D:11 :   D:13 *   Orc:1 *(?   Orc:2 [=(*   Elf:2 *   Elf:3 *
Lair:2 :   Lair:3 [   Lair:5 =   Shoals:1 [:   Shoals:2 [   Shoals:4 ::[(
Spider:2 =   Vaults:1 !   Vaults:2 (   Vaults:4 [=?   Vaults:5 :   Zot:5 *
Depths:2 *[   Depths:3 *=:=?[[[

Portals:
Hell: Depths:1 Depths:2 Depths:3 Depths:4
Abyss: Elf:1 Depths:2 Depths:3
Pandemonium: Depths:2 Depths:3

Annotations:
D:2 1 runed translucent door, Crazy Yiuf
D:7 3 runed translucent doors, Agrajag's ghost, novice DECj; DevouringOne's ghost, novice MfWn; SuckSex's ghost, novice OpSh
D:8 2 transporters, oops's ghost, novice FeSh
D:12 Jorgrun
D:14 2 runed translucent doors, Zyshrucye's ghost, journeyman DsFi
Lair:5 3 runed translucent doors, Taxman1966's ghost, adept TeFE
Shoals:2 1 runed translucent door, Qefi's ghost, adept MiBe
Spider:4 3 runed translucent doors, Mandoo's ghost, adept KoBr
Elf:1 7 runed translucent doors, 2 transporters, Herenode's ghost, adept DrNe
Elf:2 3 runed translucent doors
Tar:2 16 runed doors
Zot:1 1 transporter, 3 runed translucent doors, Iqymp's ghost, legendary MiFi


Innate Abilities, Weirdness & Mutations

You are an undying horror.
Your melee and unarmed attacks drain, slow and weaken victims.
You are immune to unholy pain and torment.
You cannot drink.
You are flying.
You are immune to poison.
You have a beak for a mouth.
You have claws for feet.
Your magical flight helps you evade attacks. (EV +4)
You can magically evade attacks while moving or waiting.
You have a moderately thin skeletal structure. (Dex +4, Stealth++)
You are agile. (Dex +4, Str/Int -1)


Message History

You can't see that place. [a rock wall.]
The rock shatters into small pieces.
Blink to where?
Press: ? - help, Q - select action, (/) - cycle Dir - move target
As you read the scroll of blinking, it crumbles to dust.
There is a staircase leading out of the dungeon here.
Okay, then.
Casting: Chain Lightning (dangerous; 1% risk of failure)
Confirm with . or Enter, or press ? or * to list all spells.
Okay, then.
Casting: Chain Lightning (dangerous; 1% risk of failure)
Confirm with . or Enter, or press ? or * to list all spells.
You're too dead.
You begin untransforming.
You continue untransforming.
Magic restored.
You continue untransforming. x2
You feel your undeath return to normal.
Casting: Death's Door (dangerous; 1% risk of failure)
Confirm with . or Enter, or press ? or * to list all spells.
Okay, then.
Casting: Death's Door (dangerous; 1% risk of failure)
Confirm with . or Enter, or press ? or * to list all spells.
You stand defiantly in death's doorway!
You seem to hear sand running through an hourglass...
Clearing monster memory.
Casting: Death's Door (dangerous; 1% risk of failure)
Confirm with . or Enter, or press ? or * to list all spells.
Okay, then.
You start resting.
Magic restored.
Your time is quickly running out!
You start resting.
Your life is in your own hands again!
You step away from death's doorway.
You begin transforming.
You continue transforming. x3
Your flesh twists and warps into a mockery of life!
You can't go down here!
You can't go down here!
You have escaped!

#.##.#.# ######.....#
#.##.#.# #......###.#
#.##.#.## #.###### #.#
#.##.#[.###.# #.#
.$.#....(...# #.######
#.#.###.##### #......#
#.##.##.# ######.#
..##.##.###############
#.#
####.#..........z.##..#
#.##
.......#.....##...##..#
#..#
...###...####.#'####..#
##.#
................####..#
#.#
.###########.#.....##'#
#.# .#
#.##.......####.# .#
#.####+#.....##.# .#
#.#....#'#......# .#
#######.#....'.######.#


There were no monsters in sight!

Vanquished Creatures
  Cerebov (Pan)
  Antaeus (Coc:7)
  Asmodeus (Geh:7)
  Ereshkigal (Tar:7)
  the Royal Jelly (Slime:5)
  Gloorx Vloq (Pan)
  Lom Lobon (Pan)
  the Serpent of Hell (Coc:7)
  Dispater (Dis:7)
  3 dread liches
  9 orbs of fire
  7 ancient liches
  Mennas (Pan)
  Sojobo (Vaults:4)
  38 royal mummies
  Bai Suzhen (Spider:3)
  8 Killer Klowns
  Saint Roka (Vaults:4)
  Frederick (Vaults:3)
  15 shard shrikes
  Xtahua (Vaults:4)
  3 curse toes
  Geryon (Hell)
  Margery (Vaults:4)
  26 caustic shrikes
  5 pandemonium lords
  Nikola (Shoals:3)
  14 profane servitors
  4 golden dragons
  8 doom hounds
  16 bone dragons
  Arachne (Spider:2)
  4 electric golems
  29 tentacled monstrosities
  22 Tzitzimimeh
  15 Brimstone Fiends
  Rupert (Orc:2)
  Zenata (Crypt:3)
  15 Hell Sentinels
  10 hellephants
  A walking earthen tome (Depths:3)
  Mlioglotl (Shoals:1)
  9 iron giants
  A walking crystal tome (Depths:3)
  27 Orb Guardians
  3 spectral shard shrikes
  17 tainted leviathans
  2 liches
  A deep elf blademaster (Elf:3)
  17 Ice Fiends
  Asterion (Depths:1)
  30 acid blobs
  12 quicksilver dragons
  24 titans
  22 Executioners
  2 deep elf master archers (Elf:3)
  A walking frostbound tome (Depths:3)
  Grunn (Crypt:3)
  24 searing wretches
  3 death cobs
  A tentacled starspawn (Abyss:3)
  A kraken (Shoals:3)
  17 sphinxes
  Polyphemus (Shoals:2)
  35 ancient champions
  Agnes (D:14)
  Roxanne (Spider:2)
  11 azure jellies
  Donald (Spider:3)
  Kirke (D:12)
  10 shadow dragons
  Ilsuiw (Shoals:3)
  4 fenstrider witches
  15 storm dragons
  16 tengu reavers
  3 draconian monks
  4 demonspawn warmongers (Zig:19)
  9 revenants
  2 narguns
  14 nagarajas
  5 quicksilver elementals
  20 rockslimes
  3 emperor scorpions
  5 draconian knights
  14 fire giants
  7 iron dragons
  An angel (Pan)
  8 deep elf sorcerers
  3 spectral caustic shrikes
  40 balrugs
  6 draconian scorchers
  10 frost giants
  A spectral juggernaut (Tar:5)
  A caustic shrike zombie (Depths:3)
  8 deep elf elementalists (Elf:3)
  2 orc warlords
  25 vault wardens
  A demonspawn blood saint (Pan)
  4 shard shrike simulacra
  10 reapers
  5 spriggan defenders
  13 draconian shifters
  12 ghost moths
  3 curse skulls
  13 formless jellyfish
  6 demonspawn corrupters
  22 very ugly things
  6 draconian annihilators
  8 vampire knights
  2 draconian stormcallers (Zot:4)
  32 war gargoyles
  2 broodmothers
  2 caustic shrike skeletons
  20 cacodemons
  16 stone giants
  A juggernaut skeleton (Depths:3)
  11 quicksilver oozes
  24 ironbound preservers
  16 ironbound thunderhulks
  6 green draconians
  4 bennus (Tomb:2)
  15 elemental wellsprings
  13 deep elf annihilators
  4 deep elf demonologists
  13 white draconians
  13 putrid mouths
  4 lorocyprocas
  2 bunyips
  11 yellow draconians
  2 demonspawn black suns
  11 spark wasps
  12 wendigos
  19 black draconians
  19 red draconians
  18 dire elephants
  10 purple draconians
  17 ettins
  14 jiangshi
  28 iron golems
  A spectral quicksilver dragon (Tar:3)
  4 blizzard demons (Pan)
  8 eidola
  33 mummy priests
  4 deep elf death magi
  6 fire dragons
  4 entropy weavers
  13 green deaths
  15 merfolk impalers
  14 great orbs of eyes
  Josephine (D:12)
  6 merfolk javelineers
  21 yaktaur captains
  A spectral spriggan (Tar:4)
  7 deep elf high priests
  3 spriggan zombies
  36 vault guards
  8 ice dragons
  An Orb Guardian zombie (Crypt:2)
  23 salamander tyrants
  2 rakshasas
  An anaconda (shapeshifter) (Abyss:3)
  2 radroaches (Spider:1)
  2 anacondas
  5 hydras
  7 merfolk aquamancers
  5 hell beasts
  4 juggernaut simulacra
  8 spriggan air magi
  6 merfolk avatars
  4 two-headed ogres
  3 death knights
  2 sphinx zombies
  3 jorogumos
  A two-headed ogre (shapeshifter) (Zig:5)
  6 stokers
  2 alligator snapping turtles
  2 catoblepae
  An ogre mage (Zig:18)
  8 caustic shrike simulacra
  9 ironbound frosthearts
  14 boulder beetles
  22 dancing weapons
  9 deep troll earth magi
  2 naga warriors (Zig:16)
  86 death scarabs
  7 deep troll shamans
  2 naga sharpshooters
  2 fenstrider witch skeletons (Pan)
  19 centaur warriors
  4 satyrs
  2 tengu warriors
  3 death yaks (Shoals:2)
  35 hell hogs
  A titan zombie (Vaults:3)
  2 orc high priests (Orc:2)
  A spectral dire elephant (Tar:3)
  5 vampire magi
  Urug (Orc:2)
  19 demonic crawlers
  9 shock serpents
  A thrashing horror (Abyss:3)
  7 spriggan berserkers
  3 occultists
  18 soul eaters
  5 hell knights
  11 iron trolls
  37 sun demons
  11 deep elf knights
  A storm dragon zombie (Zig:11)
  12 sea snakes
  A sun moth (Spider:2)
  11 crystal echidnas
  3 skysharks
  A titan skeleton (Pan)
  A spectral bunyip (Tar:2)
  Lodul (D:10)
  6 pharaoh ants
  32 skeletal warriors
  An iron giant zombie (Tomb:1)
  A bunyip zombie (Crypt:2)
  55 deep trolls
  2 salamander mystics
  13 sixfirhies
  2 wretched stars (Abyss:3)
  An orb spider (shapeshifter) (Zig:3)
  8 shadow wraiths
  5 spark wasp zombies
  A deep troll (shapeshifter) (Zig:5)
  A golden dragon zombie (Hell)
  A spatial maelstrom (Abyss:3)
  4 glowing orange brains
  8 spriggan simulacra
  A spriggan druid (Zig:14)
  2 swamp dragons
  A naga ritualist (Zig:16)
  A death drake (shapeshifter) (Abyss:3)
  10 orb spiders
  5 arcanists
  4 quicksilver dragon simulacra (Coc:7)
  11 phantasmal warriors
  3 shadow demons
  10 orc knights
  28 deep elf pyromancers
  5 bog bodies (Crypt:3)
  41 harpies
  3 flayed ghosts
  25 deep elf zephyrmancers
  24 ironbound convokers
  2 steelbarb worms
  2 mana vipers (Zig:16)
  8 cyclopes
  11 lindwurms
  14 deep elf archers
  33 ugly things
  A sphinx simulacrum (Vaults:3)
  An anaconda skeleton (Pan)
  A fire giant zombie (Vaults:4)
  13 wolf spiders
  A harpy (shapeshifter) (Depths:3)
  3 salamanders (Depths:1)
  A draconian zombie (Tomb:3)
  11 necromancers
  6 orc sorcerers
  13 shining eyes
  2 frost giant zombies
  2 will-o-the-wisps
  13 fauns
  2 spectral ettins
  A stone giant zombie (Crypt:3)
  A shadow dragon skeleton (Depths:1)
  A spectral centaur (Tar:2)
  13 manticores
  14 merfolk sirens
  A dire elephant zombie (Crypt:1)
  A frost giant skeleton (Crypt:3)
  An iron dragon skeleton (Tomb:1)
  A spectral alligator snapping turtle (Tar:2)
  8 guardian serpents
  47 moths of wrath
  10 black mambas
  A centaur zombie (Tomb:2)
  18 water nymphs
  A black mamba (shapeshifter) (Elf:1)
  4 ice statues (Zig:1)
  6 naga magi
  7 rust devils
  3 titan simulacra
  2 fire giant skeletons
  26 vault sentinels
  A storm dragon simulacrum (Coc:1)
  9 elephants
  13 molten gargoyles
  38 large abominations
  9 eyes of devastation
  3 centaur skeletons (Pan)
  A cane toad (shapeshifter) (D:15)
  13 cane toads
  20 smoke demons
  An emperor scorpion simulacrum (Coc:1)
  5 torpor snails
  A pale draconian zombie (Crypt:3)
  A dire elephant skeleton (Tomb:2)
  2 unseen horrors
  2 rime drakes
  A gargoyle (D:14)
  9 spectral swamp worms (Tar:7)
  10 freezing wraiths
  8 orange demons
  16 tormentors
  An alligator snapping turtle skeleton (Pan)
  3 bunyip simulacra
  3 anaconda simulacra
  25 hellions
  Jeremiah (D:6)
  4 kobold demonologists
  A purple draconian skeleton (Crypt:1)
  2 kobold blastminers (Orc:1)
  2 efreet (Pan)
  5 spriggan skeletons
  83 guardian mummies
  34 yaktaurs
  2 minotaur skeletons (Crypt:1)
  3 ice devils
  A red devil (D:9)
  A tengu conjurer (Depths:4)
  A harpy zombie (Crypt:2)
  7 komodo dragons
  A golden dragon simulacrum (Coc:7)
  16 hellwings
  12 polar bears
  3 spectral harpies
  3 wind drakes
  2 merfolk (shapeshifter)
  7 meliai
  A meliai (shapeshifter) (Abyss:3)
  A shadow dragon simulacrum (Depths:3)
  A queen bee (D:9)
  31 tarantellas
  10 trolls
  28 merfolk
  A tengu simulacrum (Vaults:3)
  8 dream sheep
  4 iron dragon simulacra
  Grinder (D:3)
  11 glass eyes
  14 hornets
  A tarantella zombie (Crypt:2)
  A hornet (shapeshifter) (Zig:5)
  A blink frog (shapeshifter) (Abyss:3)
  A stone giant simulacrum (Coc:1)
  6 raiju
  22 blink frogs
  7 harpy skeletons
  2 ettin zombies
  21 jumping spiders
  15 snapping turtles
  113 slime creatures
  25 culicivoras
  18 flying skulls
  14 spriggans
  2 vampires
  6 dire elephant simulacra
  13 air elementals
  4 wyverns
  An ettin skeleton (Crypt:2)
  26 water elementals
  2 shadows
  23 ushabtiu
  6 hogs (D:12)
  9 ynoxinuls
  47 yaks
  A black mamba skeleton (Pan)
  7 fire bats
  21 golden eyes
  A yak (shapeshifter) (Zig:5)
  2 steam dragons
  11 wraiths
  A golden eye (shapeshifter) (Depths:2)
  6 basilisks
  A minotaur simulacrum (Spider:1)
  55 redbacks
  7 vampire mosquitoes
  17 neqoxecs
  16 chaos spawn
  9 small abominations
  3 nagas (Zig:16)
  A glowing shapeshifter zombie (Hell)
  7 wargs
  Duvessa (D:7)
  2 acid dragons
  15 harpy simulacra
  8 water moccasins
  A deep troll skeleton (Crypt:3)
  4 hydra simulacra
  5 naga skeletons
  A glowing shapeshifter skeleton (Zig:11)
  A cane toad skeleton (Crypt:2)
  5 ettin simulacra
  36 orc warriors
  2 sky beasts
  7 black bears
  12 ogres
  A dream sheep zombie (Crypt:2)
  20 wolves
  5 boggarts
  2 centaurs
  A manticore skeleton (Crypt:3)
  2 torpor snail zombies (Crypt:1)
  2 human skeletons (Vaults:4)
  A kobold brigand (D:11)
  A vine stalker zombie (Crypt:1)
  An earth elemental (Elf:1)
  2 human zombies
  16 bullfrogs
  A draconian skeleton (Crypt:2)
  2 naga simulacra
  A gnoll sergeant (D:8)
  7 scorpions
  3 deep troll simulacra
  4 wights (D:8)
  Dowan (D:7)
  3 lindwurm simulacra (Spider:1)
  24 killer bees
  A yak skeleton (Crypt:3)
  5 howler monkeys
  A shapeshifter skeleton (Crypt:3)
  4 electric eels
  A lava snake (Zig:17)
  A human simulacrum (Vaults:4)
  A hound (D:6)
  5 jellies (Lair:4)
  16 orc priests
  A sleepcap (D:6)
  Jessica (D:2)
  4 hell rats (Lair:1)
  2 iguanas
  19 orc wizards
  A deep dwarf zombie (Crypt:1)
  An acid dragon zombie (Crypt:2)
  An ogre zombie (Crypt:3)
  An ogre skeleton (Crypt:3)
  75 mummies
  3 gnolls (D:6)
  5 adders
  A gnoll (shapeshifter) (Vaults:5)
  2 shadow imps
  A swamp drake skeleton (Crypt:1)
  2 ufetubi (D:6)
  A lava snake zombie (Crypt:1)
  4 worms
  A dart slug (D:4)
  97 orcs
  2 ball pythons
  3 bats (D:1)
  5 endoplasms
  A giant cockroach (shapeshifter) (D:14)
  3 giant cockroaches
  5 goblins
  A hobgoblin (shapeshifter) (Vaults:5)
  4 hobgoblins (D:3)
  4 jackals
  7 quokkas
  2 ball pythons (shapeshifter)
  A ball python zombie (Crypt:2)
  4 frilled lizards
  A kobold (shapeshifter) (Depths:3)
  13 kobolds
  An orc skeleton (Crypt:2)
  4 rats
  2 rats (shapeshifter) (Vaults:5)
  A river rat skeleton (Crypt:1)
  13 ball lightnings (Pan)
  5 creeping infernos
  A fire vortex (Tomb:1)
  A lurking horror (Abyss:3)
  7 tentacles (Shoals:3)
4123 creatures vanquished.

Vanquished Creatures (collateral kills)
  Mnoleg (Pan)
  4 royal mummies
  A titan (Coc:4)
  A death cob (Zot:4)
  A draconian knight (Zot:4)
  A green death (Zig:15)
  A dancing weapon (Zig:15)
  A skeletal warrior (Tomb:3)
  A sixfirhy (Pan)
  2 smoke demons (Pan)
  A guardian mummy (Tomb:3)
  An ettin zombie (Tomb:3)
  A flying skull (Tomb:3)
  An ushabti (Tomb:1)
  2 mummies (Tomb:3)
20 creatures vanquished.

Vanquished Creatures (others)
  A caustic shrike simulacrum (Coc:7)
  A sun demon (Depths:1)
  An unseen horror (D:11)
  An orc warrior (Elf:1)
  A bat (shapeshifter) (Vaults:5)
  5 ball lightnings (Pan)
  244 fire vortices
  11 foxfires
  5 tentacles (Shoals:3)
270 creatures vanquished.

Grand Total: 4413 creatures vanquished

Notes
Turn   | Place    | Note
-------+----------+-------------------------------------------
     0 | D:1      | DevouringOne the Tengu Air Elementalist began the quest for
                  | the Orb.
     0 | D:1      | Reached XP level 1. HP: 10/10 MP: 4/4
   447 | D:1      | Reached XP level 2. HP: 14/16 MP: 3/6
   612 | D:1      | Reached skill level 1 in Fighting
   953 | D:2      | Identified the +1 robe "Uvirustu" {-Tele rF+ rC+++ Will-}
  1000 | D:2      | Found a shimmering altar of Xom.
  1017 | D:2      | Noticed Jessica
  1035 | D:2      | Killed Jessica
  1036 | D:2      | Reached XP level 3. HP: 20/20 MP: 2/8
  1127 | D:2      | Reached skill level 5 in Air Magic
  1239 | D:2      | Found a runed translucent door.
  1240 | D:2      | Noticed Crazy Yiuf
  1629 | D:3      | Reached XP level 4. HP: 25/25 MP: 0/9
  1709 | D:3      | Learned a level 4 spell: Airstrike
  2033 | D:3      | Noticed Grinder
  2073 | D:3      | Killed Grinder
  2074 | D:3      | Reached XP level 5. HP: 29/29 MP: 0/12
  2074 | D:3      | Reached XP level 6. HP: 34/34 MP: 0/13
  2420 | D:3      | You fall into a shaft and drop 3 floors!
  2420 | D:6      | Found a sparkling altar of Nemelex Xobeh.
  2426 | D:6      | Noticed Jeremiah
  2469 | D:6      | Noticed a black bear
  2555 | D:6      | Killed Jeremiah
  2556 | D:6      | Reached skill level 5 in Spellcasting
  2556 | D:6      | Gained mutation: Your magical flight helps you evade
                  | attacks. (EV +4) [Tengu growth]
  2556 | D:6      | Reached XP level 7. HP: 38/38 MP: 9/15
  2616 | D:6      | Noticed a two-headed ogre
  2711 | D:6      | Noticed a wraith
  2713 | D:6      | Killed a wraith
  2783 | D:6      | Killed a two-headed ogre
  2784 | D:6      | Reached skill level 10 in Air Magic
  2784 | D:6      | Reached XP level 8. HP: 43/43 MP: 2/19
  3092 | D:6      | Reached XP level 9. HP: 47/47 MP: 2/21
  3337 | D:5      | Entered Level 5 of the Dungeon
  3344 | D:5      | Learned a level 5 spell: Arcjolt
  3396 | D:5      | Found a broken altar of Ashenzari.
  3753 | D:3      | Found a radiant altar of Vehumet.
  4301 | D:4      | Found a staircase to the Ecumenical Temple.
  4343 | Temple   | Entered the Ecumenical Temple
  4358 | Temple   | Became a worshipper of Gozag Ym Sagoz the Greedy
  6170 | D:7      | Found a runed translucent gate.
  6170 | D:7      | Found a runed translucent gate.
  6171 | D:7      | Found a runed translucent gate.
  6186 | D:7      | Noticed Duvessa
  6186 | D:7      | Noticed Dowan
  6189 | D:7      | Killed Duvessa
  6190 | D:7      | Killed Dowan
  6300 | D:7      | Noticed DevouringOne's ghost (novice MfWn)
  6300 | D:7      | Noticed SuckSex's ghost (novice OpSh)
  6300 | D:7      | Noticed Agrajag's ghost (novice DECj)
  6490 | D:7      | Found a shimmering blue altar of Sif Muna.
  6768 | D:8      | Found a transporter.
  6773 | D:8      | Found a bloodstained altar of Trog.
  6789 | D:8      | Found a transporter.
  6789 | D:8      | Noticed oops's ghost (novice FeSh)
  6807 | D:8      | Noticed a moth of wrath
  6830 | D:8      | Noticed a centaur warrior
  7084 | D:8      | Reached XP level 10. HP: 45/52 MP: 13/24
  7669 | D:8      | Reached skill level 5 in Fighting
  7678 | D:8      | Learned a level 8 spell: Maxwell's Capacitive Coupling
  7687 | D:8      | Identified the +8 shortbow of Pandemonium {antimagic, Str+2
                  | Int+3}
  7692 | D:8      | Killed a centaur warrior
  7698 | D:8      | Noticed a centaur warrior
  7856 | D:8      | Killed a centaur warrior
  7881 | D:8      | Noticed a two-headed ogre
  7886 | D:8      | Killed a two-headed ogre
  7887 | D:8      | Reached skill level 10 in Spellcasting
  7887 | D:8      | Reached skill level 5 in Conjurations
  8070 | D:8      | Identified the +0 leather armour "Gohuon" {Will+ Int+4}
  8450 | D:8      | Found a staircase to the Lair.
  8464 | D:8      | Reached XP level 11. HP: 63/63 MP: 14/26
  8662 | D:8      | Found a glowing silver altar of Zin.
  9503 | D:9      | Found a blossoming altar of Fedhas.
 10015 | D:9      | Found a stormy altar of Qazlal.
 10109 | D:10     | Entered Level 10 of the Dungeon
 10163 | D:10     | Found a burning altar of Makhleb.
 10542 | D:10     | Found Diwusch's Lightly-Used Armoury.
 10711 | D:10     | Found a shadowy altar of Dithmenos.
 10771 | D:10     | Reached skill level 10 in Conjurations
 10861 | D:10     | Identified the +8 falchion of Ocygh {venom, rF+}
 10894 | D:10     | Noticed Lodul
 11069 | D:10     | Killed Lodul
 11477 | D:10     | Found a snail-covered altar of Cheibriados.
 11621 | D:11     | Bought a manual of Fighting for 1040 gold pieces
 11627 | D:11     | Found a staircase to the Orcish Mines.
 12197 | D:11     | Reached XP level 12. HP: 68/68 MP: 22/28
 12690 | D:12     | Noticed Kirke
 12700 | D:12     | Killed Kirke
 13281 | D:12     | Noticed Jorgrun
 13666 | D:12     | Noticed a two-headed ogre
 14079 | D:12     | Noticed Josephine
 14087 | D:12     | Killed Josephine
 14088 | D:12     | Reached skill level 15 in Air Magic
 14422 | D:12     | Killed a two-headed ogre
 14499 | Orc:1    | Entered Level 1 of the Orcish Mines
 14729 | Orc:1    | You are sucked into a shaft and drop 1 floor!
 14729 | Orc:2    | Entered Level 2 of the Orcish Mines
 14729 | Orc:2    | Noticed an orc warlord
 14729 | Orc:2    | Noticed an orc high priest
 14729 | Orc:2    | Found Tuhykour's Antique Weapon Boutique.
 14735 | Orc:2    | Killed an orc high priest
 14736 | Orc:2    | Reached XP level 13. HP: 56/79 MP: 19/29
 14737 | Orc:2    | Noticed Rupert
 14738 | Orc:2    | Found a staircase to the Elven Halls.
 14770 | Orc:2    | Killed an orc warlord
 14828 | Orc:2    | Gained mutation: You occasionally lose the ability to drink
                  | potions when taking damage. [mutagenic glow]
 14838 | Orc:2    | Noticed Urug
 14841 | Orc:2    | Found Xyess's Antique Armour Boutique.
 16114 | Orc:2    | Killed Urug
 16429 | Orc:2    | Found Harae's Jewellery Boutique.
 16611 | Orc:2    | Found Onobla's General Store.
 16620 | Orc:2    | Bought a scroll of blinking for 112 gold pieces
 16743 | Orc:2    | Killed Rupert
 16744 | Orc:2    | Reached skill level 10 in Fighting
 17038 | Orc:1    | Found Cakaocej's Weapon Shoppe.
 17090 | Orc:1    | Found Zupoqaas's General Store.
 17233 | Orc:1    | Found Sunuecie's Magic Scroll Emporium.
 17236 | Orc:1    | Bought a scroll of identify for 30 gold pieces
 17236 | Orc:1    | Bought 2 scrolls of teleportation for 90 gold pieces
 17236 | Orc:1    | Bought 2 scrolls of identify for 60 gold pieces
 17236 | Orc:1    | Bought a scroll of revelation for 112 gold pieces
 17236 | Orc:1    | Bought a scroll of teleportation for 45 gold pieces
 17236 | Orc:1    | Bought a scroll of butterflies for 60 gold pieces
 17236 | Orc:1    | Bought a scroll of teleportation for 45 gold pieces
 17236 | Orc:1    | Bought a scroll of revelation for 112 gold pieces
 17237 | Orc:1    | Identified a scroll of acquirement
 17239 | Orc:1    | Reached XP level 14. HP: 88/88 MP: 30/30
 17240 | Orc:1    | Acquired 676 gold pieces
 17367 | Lair:1   | Entered Level 1 of the Lair of Beasts
 17620 | Lair:1   | Reached skill level 15 in Conjurations
 19306 | Lair:2   | Found a staircase to the Shoals.
 20107 | Lair:3   | Identified the +2 leather armour of Cysy {Harm rC+}
 20208 | Lair:3   | Reached XP level 15. HP: 93/96 MP: 25/31
 20982 | Lair:3   | Found a hole to the Spider Nest.
 22105 | Lair:4   | Found a viscous altar of Jiyva.
 22258 | Lair:4   | Found a staircase to the Slime Pits.
 22357 | Lair:4   | Found a shimmering blue altar of Sif Muna.
 22947 | Lair:5   | Entered Level 5 of the Lair of Beasts
 25118 | Lair:5   | Found a runed translucent gate.
 25119 | Lair:5   | Found a runed translucent gate.
 25120 | Lair:5   | Found a runed translucent gate.
 25120 | Lair:5   | Noticed Taxman1966's ghost (adept TeFE)
 25396 | Lair:5   | Bought the ring "Ulotz" {rC+ rCorr MP+9 Str+5} for 938 gold
                  | pieces
 26069 | D:13     | Found Wuste's Assorted Antiques.
 26431 | D:13     | Bought a brightly glowing lead amulet for 140 gold pieces
 26431 | D:13     | Identified the amulet "Wuimm" {Spirit rPois rF+} (You
                  | bought it in a shop on level 13 of the Dungeon)
 27193 | D:14     | Found a glowing golden altar of the Shining One.
 27320 | D:14     | Reached XP level 16. HP: 101/101 MP: 8/32
 27564 | D:14     | Noticed Agnes
 27569 | D:14     | Killed Agnes
 27703 | D:14     | Noticed Zyshrucye's ghost (journeyman DsFi)
 27704 | D:14     | Noticed a lich
 27908 | D:14     | Found a gate to the Vaults.
 28124 | D:14     | Found a runed translucent door.
 28134 | D:14     | Found a runed translucent door.
 28194 | D:15     | Entered Level 15 of the Dungeon
 29290 | D:15     | Found a staircase to the Depths.
 29638 | Shoals:1 | Entered Level 1 of the Shoals
 30130 | Shoals:1 | Noticed Mlioglotl
 30134 | Shoals:1 | Killed Mlioglotl
 30241 | Shoals:1 | Found Esahyg Kimm's Self-Improvement Boutique.
 30257 | Shoals:1 | Found Usifuf's Antique Armour Boutique.
 30851 | Shoals:2 | Found a runed translucent door.
 30851 | Shoals:2 | Found a shimmering altar of Xom.
 30853 | Shoals:2 | Noticed Qefi's ghost (adept MiBe)
 30887 | Shoals:2 | Found Miesuqemo's Antique Armour Shoppe.
 30895 | Shoals:2 | Bought a runed hat for 189 gold pieces
 30896 | Shoals:2 | Bought a shiny buckler for 202 gold pieces
 31380 | Shoals:2 | Noticed Polyphemus
 31383 | Shoals:2 | HP: 1/101 [faun/sling bullet (16)]
 31655 | Shoals:2 | Killed Polyphemus
 31656 | Shoals:2 | Reached XP level 17. HP: 93/106 MP: 26/33
 31955 | Shoals:2 | Found a stormy altar of Qazlal.
 32551 | Shoals:3 | Noticed Ilsuiw
 32560 | Shoals:3 | Killed Ilsuiw
 33925 | Shoals:3 | Noticed Nikola
 34092 | Shoals:3 | Noticed a kraken
 34210 | Shoals:3 | Killed a kraken
 34282 | Shoals:3 | Killed Nikola
 34662 | Shoals:4 | Entered Level 4 of the Shoals
 35974 | Shoals:4 | Found Lapaib's Antique Armour Shop.
 35998 | Shoals:4 | Reached XP level 18. HP: 76/116 MP: 24/37
 36241 | Shoals:4 | Found Zishezor's Antique Weapon Boutique.
 36250 | Shoals:4 | Bought a crystal short sword for 224 gold pieces
 36250 | Shoals:4 | Identified the +4 short sword of Imminent Death {freeze,
                  | SInv Stlth+} (You bought it in a shop on level 4 of the
                  | Shoals)
 36250 | Shoals:4 | Bought a brightly glowing falchion for 224 gold pieces
 36250 | Shoals:4 | Identified the +5 falchion of Okawaru's Condemnation {holy,
                  | *Corrode rF+ Int+3} (You bought it in a shop on level 4 of
                  | the Shoals)
 36587 | Shoals:4 | Found Lileaph's Book Boutique.
 36594 | Shoals:4 | Bought a Young Poisoner's Handbook for 380 gold pieces
 36599 | Shoals:4 | Learned a level 4 spell: Olgreb's Toxic Radiance
 36621 | Shoals:4 | Found Fuqafuluhi's Book Emporium.
 36668 | Shoals:4 | Got a barnacled rune of Zot
 36829 | Spider:1 | Entered Level 1 of the Spider Nest
 36833 | Spider:1 | Reached skill level 1 in Poison Magic
 37374 | Lair:3   | Lost mutation: You occasionally lose the ability to drink
                  | potions when taking damage. [potion of mutation]
 37374 | Lair:3   | Gained mutation: You have hidden genetic potential. [potion
                  | of mutation]
 37374 | Lair:3   | Gained mutation: You sometimes lose your temper in combat.
                  | [potion of mutation]
 37374 | Lair:3   | Lost mutation: You sometimes lose your temper in combat.
                  | [potion of mutation]
 37374 | Lair:3   | Gained mutation: Your flesh is cold resistant. (rC+)
                  | [potion of mutation]
 37454 | Spider:1 | Found a frozen archway.
 37709 | Spider:1 | Reached skill level 5 in Poison Magic
 37901 | Spider:1 | Reached skill level 15 in Spellcasting
 38408 | Spider:1 | Acquired the +6 lajatang of Iduqyas {holy, rElec rF+ rN++
                  | Dex-5}
 39044 | Spider:2 | Learned a level 7 spell: Orb of Destruction
 39060 | Spider:2 | Noticed Arachne
 39066 | Spider:2 | Killed Arachne
 39764 | Spider:2 | Bought the ring of Jawkoet {rF+ rC++ rN+ Slay-5} for 523
                  | gold pieces
 40193 | Spider:2 | Identified the +3 pair of boots of Okawaru's Favour {rC+
                  | Int+3 Dex+2}
 40460 | Spider:2 | Noticed Roxanne
 40591 | Spider:2 | Killed Roxanne
 41157 | Spider:3 | Noticed Bai Suzhen
 41590 | Spider:3 | Killed Bai Suzhen
 42371 | Spider:3 | Noticed Donald
 42375 | Spider:3 | Killed Donald
 42706 | Spider:4 | Entered Level 4 of the Spider Nest
 43131 | Spider:4 | Reached XP level 19. HP: 122/122 MP: 28/41
 44726 | Spider:4 | Found a runed translucent gate.
 44726 | Spider:4 | Found a runed translucent gate.
 44727 | Spider:4 | Found a runed translucent gate.
 44727 | Spider:4 | Noticed Mandoo's ghost (adept KoBr)
 45330 | Spider:4 | Got a gossamer rune of Zot
 45737 | Elf:1    | Entered Level 1 of the Elven Halls
 45737 | Elf:1    | Found a runed translucent gate.
 45737 | Elf:1    | Found a runed translucent gate.
 45737 | Elf:1    | Found a runed translucent gate.
 45737 | Elf:1    | Found a runed translucent gate.
 45737 | Elf:1    | Found a runed translucent gate.
 45737 | Elf:1    | Found a runed translucent gate.
 45740 | Elf:1    | Found a runed translucent door.
 45810 | Elf:1    | Found a runed translucent door.
 45869 | Elf:1    | Identified the +1 great mace of Hastutile {freeze, rF+}
 46459 | Elf:1    | Found a transporter.
 46467 | Elf:1    | Noticed Herenode's ghost (adept DrNe)
 46546 | Elf:1    | Found a transporter.
 46554 | Elf:1    | Found a one-way gate to the infinite horrors of the Abyss.
 46594 | Elf:1    | Paralysed by an orc sorcerer for 2 turns
 47150 | Elf:1    | Noticed an Ice Fiend
 47223 | Elf:1    | Found a runed translucent gate.
 47223 | Elf:1    | Found a runed translucent gate.
 47223 | Elf:1    | Found a runed translucent gate.
 47223 | Elf:1    | Found a runed translucent gate.
 47223 | Elf:1    | Found a runed translucent gate.
 47227 | Elf:1    | Found a runed translucent gate.
 47804 | Elf:2    | Bought a bloodstained broad axe for 333 gold pieces
 47804 | Elf:2    | Identified the +8 broad axe of Veufuir {spect, +Blink
                  | Stlth+} (You bought it in a shop on level 2 of the Elven
                  | Halls)
 48573 | Elf:2    | Found a runed translucent gate.
 48573 | Elf:2    | Found a runed translucent gate.
 48573 | Elf:2    | Found a runed translucent gate.
 48847 | Elf:2    | Paralysed by an air elemental for 1 turns
 48876 | Elf:2    | Paralysed by an air elemental for 1 turns
 49341 | Elf:3    | Entered Level 3 of the Elven Halls
 49408 | Elf:3    | Identified the +5 scale mail of the Harp {Rampage rN+ SInv}
 50370 | Elf:3    | Reached XP level 20. HP: 128/128 MP: 43/43
 50782 | Elf:3    | Found Heutz's General Store.
 50788 | Elf:3    | Bought a scroll of fog for 60 gold pieces
 50788 | Elf:3    | Bought a scroll of fog for 60 gold pieces
 50788 | Elf:3    | Bought a potion of mutation for 120 gold pieces
 50947 | Elf:3    | Identified the ring of Afaty {Wiz rC+}
 51047 | Elf:3    | Gained mutation: Your flesh is very cold resistant. (rC++)
                  | [hidden potential]
 51421 | Elf:3    | Identified the staff "Ageemy" {rPois Dex+3 Earth}
 51596 | Elf:3    | Identified the ring of Erchit {rPois rF- Str+6}
 51820 | Elf:3    | Identified the +4 whip of Lust {elec, rPois Will+}
 52146 | Elf:3    | Identified the +1 ring mail of the Ant {rElec rF+}
 52218 | Elf:3    | Got the Lectures on Fluctuating Direction
 52229 | Elf:3    | Learned a level 9 spell: Chain Lightning
 52236 | Elf:3    | Got Sif Muna's Notes on Fuming Topology
 52762 | Elf:3    | Identified the staff "Yteip" {rPois Int+3 Poison}
 53309 | Vaults:1 | Entered Level 1 of the Vaults
 54091 | Vaults:1 | Identified the +9 mace of Distant Worlds {drain, *Rage rC+
                  | Will+ Int+2}
 55142 | Vaults:1 | Found Gocva's Distillery.
 55149 | Vaults:1 | Bought a potion of mutation for 120 gold pieces
 55149 | Vaults:1 | Bought a potion of invisibility for 120 gold pieces
 55149 | Vaults:1 | Bought a potion of magic for 120 gold pieces
 55451 | Vaults:1 | Reached XP level 21. HP: 132/132 MP: 36/45
 56754 | Vaults:2 | Found a staircase to the Crypt.
 57321 | Vaults:2 | Found Xipeeco's Antique Weapon Emporium.
 58862 | Vaults:3 | Noticed Frederick
 58867 | Vaults:3 | Killed Frederick
 59487 | Vaults:3 | You are sucked into a shaft and drop 1 floor!
 59648 | Vaults:4 | Noticed Sojobo
 59679 | Vaults:4 | Reached XP level 22. HP: 67/138 MP: 1/49
 59854 | Vaults:4 | Killed Sojobo
 60086 | Vaults:4 | Identified the +2 leather armour of the Beekeeper {Will+
                  | rCorr Dex+3}
 60139 | Vaults:4 | Gained mutation: You are agile. (Dex +4, Str/Int -1)
                  | [hidden potential]
 60139 | Vaults:4 | Lost mutation: You have hidden genetic potential. [hidden
                  | potential expressed]
 60174 | Vaults:4 | Noticed Saint Roka
 61220 | Vaults:4 | Killed Saint Roka
 61593 | Vaults:4 | Noticed Xtahua
 61672 | Vaults:4 | Killed Xtahua
 61828 | Vaults:4 | Found Koamm's Antique Armour Emporium.
 61852 | Vaults:4 | Noticed Margery
 61857 | Vaults:4 | Killed Margery
 62935 | Vaults:4 | Bought a scroll of immolation for 64 gold pieces
 62935 | Vaults:4 | Bought a scroll of teleportation for 48 gold pieces
 62935 | Vaults:4 | Bought a scroll of teleportation for 48 gold pieces
 62937 | Vaults:4 | Bought the amulet of Vitality {RegenMP++ Regen++} for 1700
                  | gold pieces
 62937 | Vaults:4 | Found the amulet of Vitality {RegenMP++ Regen++}
 62957 | Vaults:5 | Entered Level 5 of the Vaults
 63079 | Vaults:5 | Reached XP level 23. HP: 143/143 MP: 50/50
 63198 | Vaults:5 | Noticed an ancient lich
 63200 | Vaults:5 | Killed an ancient lich
 63230 | Vaults:5 | Noticed an ancient lich
 63233 | Vaults:5 | Killed an ancient lich
 63287 | Vaults:5 | Identified the ring "Lorhug Mas" {Fly rElec MP+9 Int-3
                  | Dex+6}
 63393 | Vaults:5 | Identified the +7 scimitar "Utwaceor" {freeze, rPois
                  | Will+++ rCorr Dex-4}
 63393 | Vaults:5 | Identified the amulet of Heckudam {RegenMP rF++ rC- Int+4}
 63432 | Vaults:5 | HP: 6/143 [yaktaur captain/bolt (39)]
 63505 | Vaults:5 | Identified the amulet of Cheibriados, Glowing {Reflect
                  | *Corrode rElec Int+4 SH+5}
 63796 | Vaults:5 | Identified the +1 ice dragon scales of Parts Unknown {Harm
                  | Fly rF- rC++ Str-2}
 64574 | Vaults:5 | Identified the +11 trident "Situh" {heavy, rElec rPois
                  | rCorr Str+2}
 64576 | Vaults:5 | Got Nawn's Disquisition on the Sky and the Mausoleum
 64584 | Vaults:5 | Identified the ring of Ehaaz {Wiz Will+}
 64767 | Vaults:5 | Found Maeppue's Book Shop.
 64931 | Vaults:5 | Got a silver rune of Zot
 64937 | Vaults:5 | Got the Grimoire of the Barrage
 65640 | Slime:1  | Entered Level 1 of the Pits of Slime
 65642 | Slime:1  | Reached skill level 15 in Fighting
 65846 | Slime:2  | Reached skill level 1 in Shields
 65939 | Slime:3  | Lost mutation: You are agile. (Dex +4, Str/Int -1) [a
                  | shining eye]
 66066 | Slime:4  | Reached XP level 24. HP: 141/151 MP: 23/50
 66072 | Slime:4  | Reached skill level 10 in Dodging
 66162 | Slime:5  | Entered Level 5 of the Pits of Slime
 66483 | Slime:3  | Gained mutation: You have hidden genetic defects. [a
                  | shining eye]
 67001 | Slime:3  | Paralysed by a formless jellyfish for 1 turns
 67267 | Slime:4  | Gained mutation: You have terrible hidden genetic defects.
                  | [hidden defects]
 67269 | Slime:4  | Lost mutation: Your flesh is very cold resistant. (rC++)
                  | [potion of mutation]
 67269 | Slime:4  | Lost mutation: Your flesh is cold resistant. (rC+) [potion
                  | of mutation]
 67269 | Slime:4  | Lost mutation: You have terrible hidden genetic defects.
                  | [potion of mutation]
 67269 | Slime:4  | Gained mutation: Your magical capacity is low. (-10% MP)
                  | [potion of mutation]
 67269 | Slime:4  | Lost mutation: You have hidden genetic defects. [potion of
                  | mutation]
 67270 | Slime:4  | Lost mutation: Your magical capacity is low. (-10% MP)
                  | [potion of mutation]
 67270 | Slime:4  | Gained mutation: You occasionally lose the ability to drink
                  | potions when taking damage. [potion of mutation]
 67270 | Slime:4  | Gained mutation: You are partially covered in iridescent
                  | scales. (AC +2) [potion of mutation]
 67270 | Slime:4  | Gained mutation: You are frail. (-10% HP) [potion of
                  | mutation]
 67271 | Slime:4  | Lost mutation: You are frail. (-10% HP) [potion of
                  | mutation]
 67271 | Slime:4  | Lost mutation: You are partially covered in iridescent
                  | scales. (AC +2) [potion of mutation]
 67271 | Slime:4  | Lost mutation: You occasionally lose the ability to drink
                  | potions when taking damage. [potion of mutation]
 67271 | Slime:4  | Gained mutation: You have hidden genetic potential. [potion
                  | of mutation]
 67373 | Slime:5  | Noticed the Royal Jelly
 67377 | Slime:5  | Killed the Royal Jelly
 67580 | Slime:5  | Reached XP level 25. HP: 160/160 MP: 50/50
 67581 | Slime:5  | Identified the +1 helmet of Morality {rC+ rN+ Dex+4}
 67584 | Slime:5  | Identified the ring "Ymeinn" {Fly rPois rF+ rCorr Str-5}
 67629 | Slime:5  | Identified the +11 dagger "Cixosch" {heavy, rPois MP+9
                  | Dex+2}
 67680 | Slime:5  | Got a slimy rune of Zot
 68037 | Depths:1 | Entered Level 1 of the Depths
 68426 | Depths:1 | Noticed Asterion
 68429 | Depths:1 | Killed Asterion
 68558 | Depths:1 | Learned a level 9 spell: Fire Storm
 68564 | Depths:1 | Learned a level 5 spell: Irradiate
 68666 | Depths:1 | Found a gateway to Hell.
 68766 | Depths:1 | Found an opulent altar of Gozag.
 69407 | Depths:1 | Reached XP level 26. HP: 153/168 MP: 34/50
 69661 | Depths:2 | Reached skill level 15 in Dodging
 70229 | Depths:2 | Identified the +2 great sword "Dragon's Tongue" {freeze,
                  | rPois}
 70607 | Depths:2 | Gained mutation: Your movements are slightly less
                  | encumbered by armour. (ER -2) [hidden potential]
 70678 | Depths:2 | Found a one-way gate leading to the halls of Pandemonium.
 70796 | Depths:3 | Found a huge runed gate.
 70796 | Depths:3 | Found a huge runed gate.
 70796 | Depths:3 | Found a huge runed gate.
 70796 | Depths:3 | Found a huge runed gate.
 70796 | Depths:3 | Found a huge runed gate.
 70797 | Depths:3 | Found a huge runed gate.
 70797 | Depths:3 | Found a huge runed gate.
 70797 | Depths:3 | Found a huge runed gate.
 70797 | Depths:3 | Found a huge runed gate.
 70797 | Depths:3 | Found a huge runed gate.
 70798 | Depths:3 | Found a huge runed gate.
 70931 | Depths:3 | Found a huge runed gate.
 71144 | Depths:3 | Found a huge runed gate.
 71144 | Depths:3 | Found a huge runed gate.
 71154 | Depths:3 | Found Emeseclu's Antique Armour Emporium.
 71156 | Depths:3 | Found a huge runed gate.
 71313 | Depths:3 | Found a huge runed gate.
 71313 | Depths:3 | Found a huge runed gate.
 71313 | Depths:3 | Found a huge runed gate.
 71314 | Depths:3 | Found a huge runed gate.
 71315 | Depths:3 | Found a huge runed gate.
 71324 | Depths:3 | Found a huge runed gate.
 71324 | Depths:3 | Found a huge runed gate.
 71324 | Depths:3 | Found a huge runed gate.
 71324 | Depths:3 | Found a huge runed gate.
 71324 | Depths:3 | Found a huge runed gate.
 71324 | Depths:3 | Found a huge runed gate.
 71325 | Depths:3 | Found a huge runed gate.
 71326 | Depths:3 | Found a huge runed gate.
 71327 | Depths:3 | Found a huge runed gate.
 71343 | Depths:3 | Found a huge runed gate.
 71343 | Depths:3 | Found a huge runed gate.
 71343 | Depths:3 | Found a huge runed gate.
 71343 | Depths:3 | Found a huge runed gate.
 71343 | Depths:3 | Found a huge runed gate.
 71343 | Depths:3 | Found a huge runed gate.
 71445 | Depths:3 | Found Ikywnie's Magic Scroll Boutique.
 71457 | Depths:3 | Bought a scroll of teleportation for 72 gold pieces
 71547 | Depths:3 | Found a one-way gateway to a ziggurat.
 71597 | Depths:3 | Found Idatz's Jewellery Emporium.
 71599 | Depths:3 | Found Pewotziuhy's Book Boutique.
 71600 | Depths:3 | Found Utsu Typt's Jewellery Emporium.
 71639 | Depths:3 | Found Apunif's Assorted Antiques.
 71750 | Depths:3 | You are sucked into a shaft and drop 1 floor!
 71750 | Depths:4 | Entered Level 4 of the Depths
 72585 | Depths:3 | Bought a scroll of teleportation for 129 gold pieces
 72731 | Depths:3 | Found a huge runed gate.
 72748 | Depths:3 | Identified the +2 broad axe "Ynnysol" {venom, rCorr Str+4}
 72752 | Depths:3 | Reached XP level 27. HP: 115/179 MP: 26/50
 72827 | Depths:3 | Identified the +1 short sword "Qeurch" {pain, rPois Int+4}
 72875 | Zig:1    | Entered Level 1 of a ziggurat
 72919 | Zig:2    | Entered Level 2 of a ziggurat
 72962 | Zig:3    | Entered Level 3 of a ziggurat
 72996 | Zig:4    | Entered Level 4 of a ziggurat
 73049 | Zig:5    | Entered Level 5 of a ziggurat
 73083 | Zig:5    | Identified the staff of the Tent {+Blink rElec rPois rN+
                  | Int-2 Necro}
 73091 | Zig:5    | Identified the +9 plate armour of Beogh's Grace {Dex+4}
 73101 | Zig:6    | Entered Level 6 of a ziggurat
 73160 | Zig:6    | Identified the +4 spear of the Lesser Evil {heavy, Will+
                  | Int+3 Dex-3}
 73164 | Zig:7    | Entered Level 7 of a ziggurat
 73171 | Zig:7    | Reached skill level 5 in Fire Magic
 73244 | Zig:8    | Entered Level 8 of a ziggurat
 73328 | Zig:9    | Entered Level 9 of a ziggurat
 73363 | Zig:9    | Gained mutation: You have a somewhat thin skeletal
                  | structure. (Dex +2, Stealth+) [hidden potential]
 73363 | Zig:9    | Lost mutation: You have hidden genetic potential. [hidden
                  | potential expressed]
 73411 | Zig:9    | Identified the amulet "Isaus" {RegenMP +Blink Str+4 Dex+4
                  | Slay-5}
 73416 | Zig:9    | Identified the +0 plate armour "Xeoveuf" {rPois rN+ Dex+3
                  | Stlth+}
 73455 | Zig:10   | Entered Level 10 of a ziggurat
 73468 | Zig:10   | Reached skill level 10 in Fire Magic
 73553 | Zig:10   | Identified the +4 trident of Fedhas's Supremacy {drain, rF-
                  | Int+5 Dex+6}
 73555 | Zig:10   | Identified the +5 scale mail "Homasa" {Rampage rElec rC-
                  | Regen+ Dex+3}
 73581 | Zig:11   | Entered Level 11 of a ziggurat
 73588 | Zig:11   | Noticed a royal mummy
 73589 | Zig:11   | Noticed a royal mummy
 73591 | Zig:11   | Noticed a royal mummy
 73603 | Zig:11   | Killed a royal mummy
 73603 | Zig:11   | Killed a royal mummy
 73605 | Zig:11   | Killed a royal mummy
 73752 | Zig:12   | Entered Level 12 of a ziggurat
 73893 | Zig:12   | Identified the +7 executioner's axe "Maret" {spect, *Slow
                  | rElec Will++ SInv}
 73897 | Zig:13   | Entered Level 13 of a ziggurat
 73932 | Zig:13   | Reached skill level 15 in Fire Magic
 74030 | Zig:13   | Identified the +11 rapier of Offence {heavy, Will- Dex+4}
 74034 | Zig:13   | Identified the ring of Eternity {rElec rC+ rN++ Str-5
                  | Int+3}
 74044 | Zig:13   | Identified the +5 rapier of Starshine {heavy, rC++ Str-4
                  | Int+6}
 74057 | Zig:14   | Entered Level 14 of a ziggurat
 74173 | Zig:14   | Identified the +9 morningstar "Ximama" {vamp, rC+}
 74174 | Zig:14   | Identified the ring of Ryr Inti {AC+4 Int+5}
 74228 | Zig:15   | Entered Level 15 of a ziggurat
 74253 | Zig:15   | Noticed Pijop the pandemonium lord
 74266 | Zig:15   | Killed Pijop the pandemonium lord
 74267 | Zig:15   | Gained mutation: You are weak. (Str -2) [mutagenic glow]
 74422 | Zig:15   | Identified the orb of the Pits of Slime {mayhem, Dex+4}
 74424 | Zig:15   | Identified the +1 pair of boots of Elyvilon's Inspiration
                  | {Harm}
 74425 | Zig:15   | Identified the +4 sling "Orb Guardian's Regret" {flame,
                  | rC++ rN+ Str-4}
 74429 | Zig:15   | Identified the +4 shortbow of Wihuxam {heavy, Int+3 Dex+3
                  | Stlth+}
 74441 | Zig:15   | Got Sif Muna's Grimoire of United Cryomancy
 74468 | Zig:16   | Entered Level 16 of a ziggurat
 74661 | Zig:16   | Identified the ring of Asunwic {Will+ Str+2 Dex+6 SInv}
 74684 | Zig:16   | Identified the +5 long sword of the Lumpy Beasts {freeze,
                  | rC- rN+++}
 74705 | Zig:17   | Entered Level 17 of a ziggurat
 74929 | Zig:17   | Identified the +0 plate armour of Lilacs {Harm Rampage rF-
                  | rCorr}
 74966 | Zig:18   | Entered Level 18 of a ziggurat
 74982 | Zig:18   | Noticed a dread lich
 74992 | Zig:18   | Killed a dread lich
 74993 | Zig:18   | Noticed a dread lich
 74995 | Zig:18   | Noticed an ancient lich
 75002 | Zig:18   | Killed an ancient lich
 75003 | Zig:18   | Killed a dread lich
 75177 | Zig:18   | Identified the +5 hand cannon "Miheh" {speed, rN+ rCorr
                  | Int+3 Stlth-}
 75256 | Zig:18   | Learned a level 8 spell: Ignition
 75257 | Zig:19   | Entered Level 19 of a ziggurat
 75352 | Zig:19   | Noticed Ymouhowk the pandemonium lord
 75369 | Zig:19   | Identified the +0 robe of Yesterday {Regen+ Dex+2}
 75377 | Zig:19   | Killed Ymouhowk the pandemonium lord
 75786 | Depths:4 | Found a gate to the Realm of Zot.
 75971 | Zot:1    | Entered Level 1 of the Realm of Zot
 76004 | Zot:1    | Reached skill level 1 in Evocations
 76212 | Zot:1    | Found a shimmering blue altar of Sif Muna.
 76214 | Zot:1    | Found a transporter.
 76299 | Zot:1    | Noticed a dread lich
 76376 | Zot:1    | Reached skill level 5 in Evocations
 76435 | Zot:1    | Found a runed translucent gate.
 76435 | Zot:1    | Found a runed translucent gate.
 76436 | Zot:1    | Found a runed translucent gate.
 76437 | Zot:1    | Noticed Iqymp's ghost (legendary MiFi)
 76447 | Zot:1    | Identified the ring "Meluifou" {Str-3 Dex+3 SInv Stlth+}
 76557 | Zot:1    | Noticed an orb of fire
 77157 | Zot:2    | Identified the +2 arbalest of Batzi {freeze, rN+}
 78205 | Zot:3    | Identified the staff "Jofuko" {rElec rC+ Will++ Int-5 Air}
 78741 | Zot:3    | Found a stormy altar of Qazlal.
 79279 | Zot:4    | Noticed an orb of fire
 79283 | Zot:4    | Killed an orb of fire
 80360 | Zot:5    | Entered Level 5 of the Realm of Zot
 80682 | Zot:5    | Identified the +3 hand axe of Corruption {venom, rPois
                  | Str-5 Dex+2}
 80697 | Zot:5    | Found Gagy's CLEARANCE SALE!.
 80885 | Zot:5    | Noticed an orb of fire
 80886 | Zot:5    | Gained mutation: You are frail. (-10% HP) [an orb of fire]
 80886 | Zot:5    | Gained mutation: Your body sometimes deteriorates upon
                  | taking damage. [an orb of fire]
 80890 | Zot:5    | Killed an orb of fire
 80891 | Zot:5    | Noticed an orb of fire
 80895 | Zot:5    | Killed an orb of fire
 81068 | Zot:5    | Noticed an orb of fire
 81072 | Zot:5    | Killed an orb of fire
 81104 | Zot:5    | Noticed an orb of fire
 81108 | Zot:5    | Killed an orb of fire
 81144 | Zot:5    | Noticed an orb of fire
 81148 | Zot:5    | Killed an orb of fire
 81233 | Zot:5    | Noticed an ancient lich
 81238 | Zot:5    | Killed an ancient lich
 81360 | Zot:5    | Noticed an orb of fire
 81362 | Zot:5    | Gained mutation: Your mind is acute. (Int +4, Str/Dex -1)
                  | [an orb of fire]
 81364 | Zot:5    | Killed an orb of fire
 81373 | Zot:5    | Noticed an orb of fire
 81380 | Zot:5    | Killed an orb of fire
 81409 | Zot:5    | Noticed an ancient lich
 81413 | Zot:5    | Killed an ancient lich
 81483 | Zot:5    | Noticed an orb of fire
 81496 | Zot:5    | Gained mutation: You are very frail. (-20% HP) [an orb of
                  | fire]
 81501 | Zot:5    | Killed an orb of fire
 81689 | Zot:5    | Lost mutation: You are very frail. (-20% HP) [potion of
                  | mutation]
 81689 | Zot:5    | Lost mutation: You have a somewhat thin skeletal structure.
                  | (Dex +2, Stealth+) [potion of mutation]
 81689 | Zot:5    | Gained mutation: You possess an exceptional clarity of
                  | mind. [potion of mutation]
 81690 | Zot:5    | Lost mutation: You are frail. (-10% HP) [potion of
                  | mutation]
 81690 | Zot:5    | Lost mutation: You are weak. (Str -2) [potion of mutation]
 81690 | Zot:5    | Lost mutation: Your body sometimes deteriorates upon taking
                  | damage. [potion of mutation]
 81690 | Zot:5    | Gained mutation: You are agile. (Dex +4, Str/Int -1)
                  | [potion of mutation]
 82164 | Crypt:1  | Entered Level 1 of the Crypt
 82981 | Crypt:1  | Identified the +0 ring mail "Cupakh" {Slay+2}
 84242 | Crypt:3  | Entered Level 3 of the Crypt
 84323 | Crypt:3  | Noticed Zenata
 84327 | Crypt:3  | Killed Zenata
 84383 | Crypt:3  | Noticed an ancient lich
 84398 | Crypt:3  | Killed an ancient lich
 84475 | Crypt:3  | Found a basalt altar of Yredelemnul.
 84932 | Crypt:3  | Noticed Grunn
 84936 | Crypt:3  | Killed Grunn
 85182 | Crypt:3  | Identified the ring of Springtime {Fire rCorr MP-9 Dex+4
                  | Stlth+}
 85301 | Crypt:3  | Noticed a royal mummy
 85304 | Crypt:3  | Killed a royal mummy
 85605 | Crypt:3  | Got Zonguldrok's Spellbook of Ectoplasm
 85624 | Crypt:3  | Identified the ring "Onuvuid" {rC+ rN+}
 85714 | Crypt:3  | Learned a level 9 spell: Death's Door
 85814 | Crypt:3  | Identified the ring of the Moon {rPois rN+}
 85989 | Crypt:3  | Found a staircase to the Tomb.
 86044 | Tomb:1   | Entered Level 1 of the Tomb of the Ancients
 86176 | Tomb:1   | Reached skill level 1 in Shapeshifting
 86466 | Tomb:1   | Noticed a royal mummy
 86470 | Tomb:1   | Killed a royal mummy
 86480 | Tomb:1   | Noticed a royal mummy
 86486 | Tomb:1   | Killed a royal mummy
 86487 | Tomb:1   | Reached skill level 5 in Shapeshifting
 86504 | Tomb:1   | Noticed a royal mummy
 86507 | Tomb:1   | Killed a royal mummy
 87141 | Tomb:2   | Noticed a royal mummy
 87145 | Tomb:2   | Noticed a royal mummy
 87147 | Tomb:2   | Noticed a royal mummy
 87148 | Tomb:2   | Killed a royal mummy
 87152 | Tomb:2   | Noticed a royal mummy
 87158 | Tomb:2   | Killed a royal mummy
 87158 | Tomb:2   | Killed a royal mummy
 87165 | Tomb:2   | Reached skill level 10 in Shapeshifting
 87165 | Tomb:2   | Killed a royal mummy
 87854 | Tomb:1   | Noticed a royal mummy
 87857 | Tomb:1   | Killed a royal mummy
 87859 | Tomb:1   | Noticed a royal mummy
 87862 | Tomb:1   | Killed a royal mummy
 87913 | Tomb:1   | Noticed a royal mummy
 87920 | Tomb:1   | Killed a royal mummy
 87991 | Tomb:1   | Noticed a royal mummy
 87995 | Tomb:1   | Killed a royal mummy
 88007 | Tomb:1   | Noticed a royal mummy
 88012 | Tomb:1   | Killed a royal mummy
 88012 | Tomb:1   | Noticed a royal mummy
 88031 | Tomb:1   | Killed a royal mummy
 88117 | Tomb:1   | Noticed a royal mummy
 88122 | Tomb:1   | Killed a royal mummy
 88163 | Tomb:1   | Noticed a royal mummy
 88166 | Tomb:1   | Killed a royal mummy
 88189 | Tomb:1   | Noticed a royal mummy
 88192 | Tomb:1   | Killed a royal mummy
 88237 | Tomb:1   | Noticed a royal mummy
 88237 | Tomb:1   | Noticed a royal mummy
 88242 | Tomb:1   | Killed a royal mummy
 88243 | Tomb:1   | Killed a royal mummy
 88256 | Tomb:1   | Noticed a royal mummy
 88259 | Tomb:1   | Killed a royal mummy
 88266 | Tomb:1   | Noticed a royal mummy
 88268 | Tomb:1   | Noticed a royal mummy
 88277 | Tomb:1   | Killed a royal mummy
 88299 | Tomb:1   | Noticed a royal mummy
 88299 | Tomb:1   | Noticed a royal mummy
 88302 | Tomb:1   | Killed a royal mummy
 88303 | Tomb:1   | Killed a royal mummy
 88303 | Tomb:1   | Killed a royal mummy
 88347 | Tomb:1   | Noticed a royal mummy
 88351 | Tomb:1   | Killed a royal mummy
 88378 | Tomb:1   | Noticed a royal mummy
 88383 | Tomb:1   | Killed a royal mummy
 88425 | Tomb:1   | Noticed a royal mummy
 88430 | Tomb:1   | Killed a royal mummy
 88501 | Tomb:1   | Noticed a royal mummy
 88503 | Tomb:1   | Killed a royal mummy
 88537 | Tomb:1   | Noticed a royal mummy
 88541 | Tomb:1   | Killed a royal mummy
 88559 | Tomb:1   | Noticed a royal mummy
 88562 | Tomb:1   | Killed a royal mummy
 89178 | Tomb:3   | Entered Level 3 of the Tomb of the Ancients
 89195 | Tomb:3   | Reached skill level 15 in Shapeshifting
 89227 | Tomb:3   | Noticed a royal mummy
 89229 | Tomb:3   | Killed a royal mummy
 89235 | Tomb:3   | Noticed a royal mummy
 89235 | Tomb:3   | Noticed a royal mummy
 89238 | Tomb:3   | Killed a royal mummy
 89239 | Tomb:3   | Noticed a royal mummy
 89240 | Tomb:3   | Noticed a royal mummy
 89241 | Tomb:3   | Killed a royal mummy
 89241 | Tomb:3   | Noticed a royal mummy
 89241 | Tomb:3   | Killed a royal mummy
 89243 | Tomb:3   | Killed a royal mummy
 89243 | Tomb:3   | Killed a royal mummy
 89245 | Tomb:3   | Noticed a royal mummy
 89246 | Tomb:3   | Noticed a royal mummy
 89251 | Tomb:3   | Killed a royal mummy
 89251 | Tomb:3   | Killed a royal mummy
 89253 | Tomb:3   | Noticed a royal mummy
 89256 | Tomb:3   | Killed a royal mummy
 89530 | Tomb:3   | Found the +6 Majin-Bo {spellvamp, MP+6 Int+6}
 89539 | Tomb:3   | Identified the ring "Lutibiar" {rElec rPois rC+ Will-
                  | rCorr}
 89557 | Tomb:3   | Identified the +0 robe of the Devil's Team {+Inv}
 89572 | Tomb:3   | Identified the +0 scale mail of the Orange Skies {Will+
                  | MP-9 Int+6 Dex+2}
 89580 | Tomb:3   | Identified the ring "Cischeh" {rN+ rCorr MP+9 Stlth+}
 89718 | Tomb:3   | Got a golden rune of Zot
 90227 | Pan      | Entered Pandemonium
 90367 | Pan      | Noticed Ranessi the pandemonium lord
 90372 | Pan      | Killed Ranessi the pandemonium lord
 90465 | Pan      | Entered the realm of Lom Lobon.
 90503 | Pan      | Noticed Mennas
 90522 | Pan      | Killed Mennas
 90659 | Abyss:3  | Cast into level 3 of the Abyss (an occultist)
 90693 | Abyss:3  | Identified the staff of Accord {Fly rC+ Ice}
 90704 | Abyss:3  | Identified the ring "Jonuv" {Will+ AC+4}
 90742 | Pan      | Escaped the Abyss
 91188 | Pan      | Noticed Lom Lobon
 91221 | Pan      | Killed Lom Lobon
 91303 | Pan      | Got a magical rune of Zot
 91771 | Pan      | Found a runed translucent door.
 92312 | Pan      | Entered the realm of Cerebov.
 92495 | Pan      | Identified the +5 leather armour of the Maze {Regen+}
 92508 | Pan      | Identified the +4 lajatang of Day {venom, Str+4}
 92517 | Pan      | Identified the +6 falchion of Reyss {heavy, rF+}
 92540 | Pan      | Found the +6 sword of Cerebov {flame}
 92540 | Pan      | Noticed Cerebov
 92546 | Pan      | Killed Cerebov
 92597 | Pan      | Got a fiery rune of Zot
 92656 | Pan      | Identified the +2 war axe "Nuckeaz" {drain, rElec rC+ SInv}
 92682 | Pan      | Identified the staff of Famine {Fly rPois Int+2 Dex+5
                  | Poison}
 92688 | Pan      | Identified the +1 mace of Hard Scrabble {drain, rC+ Str+2
                  | Int+5}
 92724 | Pan      | Identified the ring of Leaxkise {Wiz rN+ Dex+6}
 92732 | Pan      | Identified the death talisman of the Exiled Olives {rCorr}
 93105 | Pan      | Entered the realm of Gloorx Vloq.
 93857 | Pan      | Noticed Gloorx Vloq
 93862 | Pan      | Killed Gloorx Vloq
 93881 | Pan      | Got a dark rune of Zot
 94071 | Pan      | Noticed Maquhoid the pandemonium lord
 94075 | Pan      | Killed Maquhoid the pandemonium lord
 94242 | Pan      | Got a demonic rune of Zot
 94245 | Pan      | Entered the realm of Mnoleg.
 94247 | Pan      | Gained mutation: You have a somewhat thin skeletal
                  | structure. (Dex +2, Stealth+) [a neqoxec]
 94700 | Pan      | Gained mutation: You are occasionally teleported next to
                  | monsters. [a cacodemon]
 94747 | Pan      | Noticed Mnoleg
 94750 | Pan      | Gained mutation: You have a moderately thin skeletal
                  | structure. (Dex +4, Stealth++) [a cacodemon]
 94762 | Pan      | Killed Mnoleg
 94841 | Pan      | Got a glowing rune of Zot
 94958 | Pan      | Found an exit through the horrors of the Abyss.
 94988 | Pan      | Took an exit into the Abyss.
 94988 | Abyss:3  | Escaped into the Abyss
 95223 | Abyss:3  | Found a corrupted altar of Lugonu.
 95229 | Abyss:3  | Got an abyssal rune of Zot
 95242 | Depths:3 | Escaped the Abyss
 95296 | Hell     | Entered the Vestibule of Hell
 95297 | Hell     | Noticed Geryon
 95425 | Hell     | Found a gateway to the Iron City of Dis.
 95427 | Hell     | Reached skill level 1 in Armour
 95556 | Hell     | Killed Geryon
 95557 | Hell     | Reached skill level 5 in Armour
 95599 | Depths:3 | Bought the ring of Wonder {rElec rF+ rC- Int+7} for 1120
                  | gold pieces
 95840 | Dis:1    | Entered Level 1 of the Iron City of Dis
 96331 | Dis:4    | Reached skill level 10 in Armour
 96331 | Dis:4    | Reached skill level 1 in Necromancy
 96337 | Dis:4    | Reached skill level 2 in Necromancy
 96360 | Dis:4    | Reached skill level 3 in Necromancy
 96368 | Dis:4    | Reached skill level 4 in Necromancy
 96450 | Dis:5    | Reached skill level 5 in Necromancy
 96452 | Dis:5    | Reached skill level 6 in Necromancy
 96519 | Dis:5    | Reached skill level 7 in Necromancy
 96661 | Dis:7    | Entered Level 7 of the Iron City of Dis
 96663 | Dis:7    | Reached skill level 8 in Necromancy
 96667 | Dis:7    | Reached skill level 9 in Necromancy
 96695 | Dis:7    | Noticed Dispater
 96715 | Dis:7    | Reached skill level 10 in Necromancy
 96850 | Dis:7    | Reached skill level 11 in Necromancy
 96938 | Dis:7    | Reached skill level 12 in Necromancy
 97008 | Dis:7    | Reached skill level 13 in Necromancy
 97099 | Dis:7    | Reached skill level 14 in Necromancy
 97212 | Dis:7    | Lost mutation: Your mind is acute. (Int +4, Str/Dex -1)
                  | [potion of mutation]
 97212 | Dis:7    | Lost mutation: You are occasionally teleported next to
                  | monsters. [potion of mutation]
 97212 | Dis:7    | Gained mutation: Your spells are a little easier to cast,
                  | but a little less powerful. [potion of mutation]
 97213 | Dis:7    | Lost mutation: Your movements are slightly less encumbered
                  | by armour. (ER -2) [potion of mutation]
 97213 | Dis:7    | Lost mutation: You have a moderately thin skeletal
                  | structure. (Dex +4, Stealth++) [potion of mutation]
 97213 | Dis:7    | Lost mutation: You possess an exceptional clarity of mind.
                  | [potion of mutation]
 97213 | Dis:7    | Lost mutation: Your spells are a little easier to cast, but
                  | a little less powerful. [potion of mutation]
 97213 | Dis:7    | Gained mutation: You have a moderately thin skeletal
                  | structure. (Dex +4, Stealth++) [potion of mutation]
 97638 | Dis:7    | Identified the amulet "Roum" {RegenMP rF++ Int-2 Dex+3}
 97681 | Dis:7    | Reached skill level 15 in Necromancy
 97842 | Dis:7    | Reached skill level 16 in Necromancy
 98133 | Dis:7    | Identified the +8 plate armour of Zemmics {*Slow rN++
                  | Int+5}
 98275 | Dis:7    | Killed Dispater
 98276 | Dis:7    | Reached skill level 17 in Necromancy
 98293 | Dis:7    | Identified the +1 broad axe of Ancient Evil {freeze, rC+}
 98350 | Dis:7    | Got an iron rune of Zot
 98540 | Hell     | Found a gateway to the ashen valley of Gehenna.
 98582 | Geh:1    | Entered Level 1 of Gehenna
 98848 | Geh:2    | Reached skill level 18 in Necromancy
 99161 | Geh:4    | Reached skill level 19 in Necromancy
 99468 | Geh:6    | Noticed an ancient lich
 99488 | Geh:6    | Killed an ancient lich
 99492 | Geh:6    | Reached skill level 20 in Necromancy
 99631 | Geh:7    | Entered Level 7 of Gehenna
 99943 | Geh:7    | Reached skill level 21 in Necromancy
100445 | Geh:7    | Identified the amulet "Zysa" {Faith Slay+2}
100609 | Geh:7    | Got the Verses on Shades
100670 | Geh:7    | Reached skill level 22 in Necromancy
100720 | Geh:7    | Identified the +8 broad axe "Gaigrolum" {drain, rPois rF-
                  | Dex+4}
100779 | Geh:7    | Found the +13 sceptre of Asmodeus
100779 | Geh:7    | Noticed Asmodeus
100784 | Geh:7    | Killed Asmodeus
100792 | Geh:7    | Identified the +2 falchion of the Dead {drain, Int+3 Dex+3}
100793 | Geh:7    | Identified the +1 dire flail "Uzxe Quan" {flame, rElec
                  | Stlth+}
100796 | Geh:7    | Got an obsidian rune of Zot
100903 | Hell     | Found a gateway to the decaying netherworld of Tartarus.
100912 | Tar:1    | Entered Level 1 of Tartarus
100919 | Tar:2    | Found a huge runed gate.
100919 | Tar:2    | Found a huge runed gate.
100919 | Tar:2    | Found a huge runed gate.
100920 | Tar:2    | Found a huge runed gate.
100920 | Tar:2    | Found a huge runed gate.
100921 | Tar:2    | Found a huge runed gate.
100921 | Tar:2    | Found a huge runed gate.
100922 | Tar:2    | Found a huge runed gate.
100922 | Tar:2    | Found a huge runed gate.
100922 | Tar:2    | Found a huge runed gate.
101058 | Tar:2    | Reached skill level 23 in Necromancy
101129 | Tar:2    | Found a huge runed gate.
101131 | Tar:2    | Found a huge runed gate.
101132 | Tar:2    | Found a huge runed gate.
101135 | Tar:2    | Found a huge runed gate.
101136 | Tar:2    | Found a huge runed gate.
101137 | Tar:2    | Found a huge runed gate.
101203 | Tar:3    | Noticed a dread lich
101208 | Tar:3    | Killed a dread lich
101453 | Tar:4    | Noticed an ancient lich
101549 | Tar:5    | Reached skill level 24 in Necromancy
102075 | Tar:7    | Entered Level 7 of Tartarus
102075 | Tar:7    | Lost strength.
102131 | Tar:7    | Reached skill level 25 in Necromancy
102507 | Tar:7    | Reached skill level 26 in Necromancy
102808 | Tar:7    | Noticed Ereshkigal
102812 | Tar:7    | Killed Ereshkigal
102819 | Tar:7    | Reached skill level 27 in Necromancy
102867 | Tar:7    | Identified the +1 scimitar of Harmony {flame, rN+ MP+9}
102870 | Tar:7    | Got a bone rune of Zot
102876 | Tar:7    | Identified the +3 chain mail "Bewub" {Harm rF+++ Str+3
                  | Int-3}
103037 | Hell     | Found a gateway to the freezing wastes of Cocytus.
103048 | Coc:1    | Entered Level 1 of Cocytus
103212 | Coc:2    | You are sucked into a shaft and drop 2 floors!
103329 | Coc:7    | Entered Level 7 of Cocytus
103786 | Coc:7    | Noticed the Serpent of Hell
103794 | Coc:7    | Killed the Serpent of Hell
103931 | Coc:7    | Noticed Antaeus
104008 | Coc:7    | Killed Antaeus
104032 | Coc:7    | Got an icy rune of Zot
104334 | Zot:5    | Got the Orb of Zot
104584 | Depths:1 | Noticed Noreamurph the pandemonium lord
104588 | Depths:1 | Killed Noreamurph the pandemonium lord
104915 | D:$      | Escaped with the Orb!

Illustrated notes

Levels and vault maps discovered:
D:1:      dpeg_arrival_short_road, layout_loops_ring
D:2:      layout_basic, basic_altar, uniq_jessica, uniq_crazy_yiuf_cottage
D:3:      layout_basic, nicolae_overflow_hidden_temple, uniq_grinder
D:4:      layout_loops_ring, minmay_temple_entry_grid, kennysheep_generic_room_5
D:5:      layout_cave_pools, lemuel_doored_altar
D:6:      layout_cave_pools, lemuel_tele_altar, minmay_small_thing,
          uniq_jeremiah
D:7:      layout_gridville, kennysheep_mini_moat, gammafunk_ghost_cemetery,
          uniq_duvessa
D:8:      minmay_cut_squares, layout_loops_ring, zin_scriptorium,
          due_lair_maze_entry_diamond, gammafunk_ghost_wrathful_warriors
D:9:      layout_cave_pools, fedhas_altar_1, grunt_qazlal_clouds, special_room
          [special_room_orc], minmay_misc_feat_doors,
          nicolae_looking_at_the_future
D:10:     layout_loops_ring, mainiacjoe_overflow_six_doors_small,
          mainiacjoe_overflow_surrounded_room, slow_altar_2,
          minmay_shop_damaged, uniq_lodul
D:11:     layout_roguey, david_orc_3
D:12:     layout_long_grid, uniq_josephine, uniq_jorgrun, uniq_kirke
D:13:     layout_roguey, serial_shops, nicolae_shop_dealshenge
D:14:     layout_basic, skrybe_vaults_entry_preservation,
          nicolae_tso_carved_into_rock, muffindrake_ghost_dual_entry, uniq_agnes
D:15:     gammafunk_depths_entry_grave, layout_cross
Temple:   hellmonk_temple_forest_ring
Lair:1:   layout_chaotic_city
Lair:2:   layout_concentric_octagons, elwin_shoals_entry_stream,
          infiniplex_staircase_pool_2
Lair:3:   layout_cellular_growth, nicolae_spider_entry_non_spiders,
          lemuel_fruit_tree, grunt_megastairs_5
Lair:4:   layout_loops_ring, nicolae_slime_entry_slimehenge, basic_altar,
          hibernation_bobbens, serial_bayou_shore_b, serial_bayou_shore_b
Lair:5:   minmay_lair_end_enchanted_forest, layout_big_grid,
          gammafunk_ghost_hydra_chop
Shoals:1: layout_shoals, serial_shops, nicolae_shop_hallway_stairs,
          nicolae_shop_self_help, uniq_mlioglotl
Shoals:2: layout_shoals, ebering_ghost_xom, lemuel_altar_in_water,
          nicolae_stop_n_shop_1, uniq_polyphemus
Shoals:3: layout_shoals, uniq_ilsuiw, uniq_nikola
Shoals:4: shoals_end_hangedman, layout_shoals, serial_shops,
          nicolae_shop_getting_attention, nicolae_shop_pleasant_corner_grove,
          shop, shop
Spider:1: layout_spider_delve, portal_ice_cave_entry_ice_simulacra
Spider:2: layout_cave_pods, uniq_roxanne, uniq_arachne
Spider:3: layout_spider_delve, nicolae_spider_twisty_arc_passages, uniq_donald,
          uniq_bai_suzhen
Spider:4: spider_rune_water, gammafunk_ghost_tricky_traps
Slime:1:  layout_caves
Slime:2:  layout_caves
Slime:3:  layout_caves
Slime:4:  layout_caves
Slime:5:  slime_pit
Orc:1:    layout_caves, serial_shops, nicolae_shop_mannequins,
          nicolae_square_shop, nicolae_shop_rolled_up, basic_altar
Orc:2:    grunt_orc_gardens, layout_caves, grunt_orc_garden, grunt_orc_garden,
          grunt_orc_garden, grunt_orc_garden, uniq_urug, uniq_rupert
Elf:1:    nicolae_elf_arrival_dilemma, layout_gridlike,
          gammafunk_ghost_abyssal_escape, orc_legates,
          serial_sigils_hangedman_confine
Elf:2:    elven_hall_of_blades_hangedman_original [nicolae_blade_little_rooms],
          layout_loops_cross
Elf:3:    minmay_elf_hall_curves, layout_geoelf_diagonals, serial_shops, shop,
          st_stairs_14, grunt_megastairs_2
Vaults:1: nicolae_vaults_storage_closets_3, ontoclasm_vaults_loading_screen,
          nicolae_vaults_shipping_containers_5, nicolae_vaults_sesquioval_fish,
          grunt_vaults_hallway_short, nicolae_vaults_theta, v_misc_4,
          vaults_room_grunt_arrival_ludios, nicolae_vaults_network_s,
          nicolae_vaults_diagonal_hallway_9, layout_vaults_maze, serial_shops,
          shop
Vaults:2: blue_anna_dwarven_crypt, nicolae_vaults_little_squares_6,
          nicolae_vaults_angled_halls, vaults_mumra_hex, v_misc_32,
          grunt_vaults_focal, nicolae_vaults_trapezoid_layered, v_misc_18,
          ontoclasm_vaults_ligature, layout_vaults_omnigrid, serial_shops, shop
Vaults:3: grunt_vaults_hallway_long, nicolae_vaults_network_periphery,
          nicolae_vaults_house_2, vaults_dpeg_spiral,
          nicolae_vaults_thirteen_compartments, nicolae_vaults_trapezoid_1,
          v_alt_pattern_4, vaults_room_fours, v_misc_25, vaults_dpeg_ring,
          nicolae_vaults_apartment_2, layout_vaults_big_room, uniq_frederick
Vaults:4: infiniplex_enter_wizlab_water, nicolae_vaults_inception_corners,
          v_pattern_5, hangedman_vaults_nails, nicolae_vaults_apartment_1,
          nicolae_vaults_closet_pinwheel_5, v_misc_1, ontoclasm_vaults_eye,
          grunt_vaults_hallway_short, grunt_vaults_hallway_long,
          ontoclasm_vaults_idyll, layout_vaults_omnibox, serial_shops, shop,
          uniq_sojobo, uniq_saint_roka, uniq_xtahua, uniq_margery
Vaults:5: serial_shops
Crypt:1:  layout_chaotic_city
Crypt:2:  layout_gridlike
Crypt:3:  due_elkab, layout_chaotic_city, nicolae_tomb_entry_rubble_hallway,
          basic_altar, uniq_zenata, uniq_grunn
Tomb:1
Tomb:2
Tomb:3
Depths:1: layout_gridlike, nicolae_hell_entry_hellmouth_sunbeams,
          kennysheep_cross_room, st_stairs_7, kennysheep_cross_bottleneck,
          hangedman_decor_opposing, grunt_gozag_statues, uniq_asterion
Depths:2: minmay_the_grid_net [minmay_the_grid_minigrid_medium,
          minmay_the_grid_diamond_grid, minmay_the_grid_airy,
          minmay_the_grid_slots, minmay_the_grid_eight,
          minmay_the_grid_prize_four_corners_diamond_b], layout_basic,
          grunt_hell_entry_dis_old, abyss_entry, hangedman_glass_teeth,
          pan_entry
Depths:3: minmay_connected_triangles_in_corner, layout_cave_pools,
          enter_ziggurat_f, hell_entry, serial_shops, shop_statue, shop,
          nicolae_inconvenience_store, hangedman_decor_push, pan_entry,
          minmay_room_of_horrors, door_vault, minmay_shop_grove
Depths:4: grunt_twist_and_shout, layout_long_grid, abyss_entry_flame_altar,
          hangedman_geh_valley, glass_columns_c, serial_bayou_shore_b,
          infiniplex_staircase_pool_lava, uniq_josephina
Hell
Dis:1:    layout_jigsaw
Dis:2:    layout_overlapping_boxes
Dis:3:    layout_jigsaw, glass_columns_c
Dis:4:    layout_gridville
Dis:5:    layout_regular_city, nicolae_hells_hurtin_island
Dis:6:    layout_subdivisions
Dis:7:    iron_city_of_dis [dis_grunt, dis_wall_8], layout_gridville,
          nicolae_dis_bowling_alley
Geh:1:    layout_gehenna_pools_triple, nicolae_geh_lavax
Geh:2:    layout_gehenna_pools_box
Geh:3:    layout_gehenna_lava_caves
Geh:4:    layout_gehenna_pools_basic
Geh:5:    layout_gehenna_pools_basic
Geh:6:    layout_gehenna_pools_basic, nicolae_geh_lava_lounge
Geh:7:    geh_grunt_pentagon
Coc:1:    layout_cocytus_delve
Coc:2:    layout_cocytus_water_paths
Coc:4:    layout_cocytus_water_paths
Coc:5:    layout_cocytus_water_paths
Coc:6:    layout_cocytus_water_paths
Coc:7:    coc_dpeg
Tar:1:    layout_grid_maze
Tar:2:    layout_cathedral_of_symmetry, nicolae_tar_cuneiform_water, door_vault
Tar:3:    layout_grid_maze, nicolae_tar_cuneiform_not
Tar:4:    layout_honeycomb
Tar:5:    layout_honeycomb
Tar:6:    layout_catacombs
Tar:7:    tar_minmay_river
Zot:1:    gammafunk_sealed_library, layout_onion, skrybe_zot_glass_2,
          gammafunk_ghost_ooze, hangedman_zot_decor_scrapings,
          regret_index_zotdec_ex, grunt_ministairs_2
Zot:2:    layout_onion
Zot:3:    kennysheep_spiral_hall, layout_basic, regret_index_zotdec_storm_pass
Zot:4:    grunt_zot_stairs_mandelzot, layout_twisted_circle
Zot:5:    layout_cathedral_of_symmetry, st_stairs_10, nicolae_shop_clearance

Skill      XL: |  1  2  3  4  5  6  7  8  9 10 11 12 13 14 15 16 17 18 19 20 21 22 23 24 25 26 27 |
---------------+----------------------------------------------------------------------------------+-----
Fighting       | 1 5 8 10 11 12 14 15 17 18 20 25 | 25.5
Air Magic      | 5 6 8 10 11 13 15 17 18 21 23 24 25 26 | 26.9
Spellcasting   | 4 5 6 7 9 10 11 14 17 18 19 22 26 | 26.2
Conjurations   | 6 11 13 14 15 17 20 22 23 24 26 | 26.9
Dodging        | 7 9 13 14 18 24 | 24.9
Poison Magic   | 5 |  5.0
Shields        | 4 |  4.0
Fire Magic     | 22 | 22.3
Evocations     | 5 |  5.0
Shapeshifting  | 23 | 23.0
Armour         | 10 | 10.0
Necromancy     | 27 | 27.0
Stealth        | |  2.0

Action                     |  1- 3 |  4- 6 |  7- 9 | 10-12 | 13-15 | 16-18 | 19-21 | 22-24 | 25-27 || total
---------------------------+-------+-------+-------+-------+-------+-------+-------+-------+-------++-------
  Melee: Unarmed           |     8 |       |       |       |       |       |     2 |       |       ||    10
         Kick              |     2 |       |     3 |     9 |    23 |    14 |     4 |     2 |    13 ||    70
         Dagger            |     1 |     2 |       |       |       |       |       |       |       ||     3
         Trident           |       |       |     8 |    18 |       |       |       |     8 |    12 ||    46
         Falchion          |       |       |       |    18 |    64 |    29 |       |       |       ||   111
         Peck              |       |       |       |     6 |    10 |     8 |     5 |     1 |    12 ||    42
         Punch             |       |       |       |     1 |     3 |       |       |       |       ||     4
         Lajatang          |       |       |       |       |       |     8 |    16 |     3 |       ||    27
         Short sword       |       |       |       |       |       |     1 |       |       |       ||     1
         Staff             |       |       |       |       |       |       |       |       |    12 ||    12
   Cast: Shock             |    56 |    40 |    17 |    19 |     6 |       |     5 |       |       ||   143
         Airstrike         |       |     3 |    80 |   113 |   259 |    92 |    33 |       |       ||   580
         Arcjolt           |       |       |     6 |    86 |   120 |   130 |    74 |     2 |       ||   418
         Maxwell's Capacit |       |       |       |       |     8 |   185 |    29 |    44 |   467 ||   733
         Olgreb's Toxic Ra |       |       |       |       |       |    97 |    53 |     2 |     1 ||   153
         Orb of Destructio |       |       |       |       |       |     7 |   126 |     1 |       ||   134
         Chain Lightning   |       |       |       |       |       |       |   232 |   381 |  1585 ||  2198
         Fire Storm        |       |       |       |       |       |       |       |       |   232 ||   232
         Ignition          |       |       |       |       |       |       |       |       |    16 ||    16
         Irradiate         |       |       |       |       |       |       |       |       |     2 ||     2
         Death's Door      |       |       |       |       |       |       |       |       |     1 ||     1
 Invoke: Call Merchant     |       |       |       |     1 |     3 |     1 |     1 |     2 |     4 ||    12
         Potion Petition   |       |       |       |       |     2 |       |       |     2 |    47 ||    51
  Evoke: Wand              |       |     2 |     6 |     2 |     9 |       |     1 |     7 |    11 ||    38
         Lightning rod     |       |       |       |       |       |     2 |       |     3 |    12 ||    17
         Tin of tremorston |       |       |       |       |       |       |     2 |     2 |     3 ||     7
         Phantom mirror    |       |       |       |       |       |       |       |     1 |     1 ||     2
    Use: Scroll            |     7 |     1 |     6 |     9 |    11 |    16 |    14 |    11 |    29 ||   104
         Potion            |       |       |       |     1 |     3 |     5 |     4 |    22 |    39 ||    74
   Stab: Distracted        |       |       |       |       |     2 |       |       |       |       ||     2
         Petrified         |       |       |       |       |       |     3 |       |       |       ||     3
         Invisible         |       |       |       |       |       |       |       |       |     1 ||     1
 Armour: Robe              |     7 |     3 |    12 |       |       |       |       |       |       ||    22
         Steam dragon scal |       |       |     5 |    16 |       |       |       |       |       ||    21
         Leather armour    |       |       |       |    58 |   109 |   226 |   248 |   218 |   652 ||  1511
         Troll leather arm |       |       |       |       |       |       |       |       |   355 ||   355
         Skin              |       |       |       |       |       |       |       |       |    36 ||    36
  Dodge: Dodged            |    21 |     3 |    27 |   107 |   177 |   339 |   185 |   108 |   779 ||  1746
  Block: Buckler           |       |       |       |     8 |     5 |    65 |       |     9 |   197 ||   284
   Form: Death             |       |       |       |       |       |       |       |       |     3 ||     3
                           |       |       |       |       |       |       |       |       |     2 ||     2

Table legend: (Time is in decaauts)
 A = Elapsed time spent in this place.
 B = Non-inter-level travel time spent in this place.
 C = Inter-level travel time spent in this place.
 D = Time resting spent in this place.
 E = Time spent auto-exploring this place.
 F = Levels seen in this place.
 G = Mean time per level.
                   A        B        C        D        E       F      G
               +--------+--------+--------+--------+--------+-----+--------+
         Total | 104629 |  92826 |  11803 |  15682 |  59020 | 120 |  871.9 |
       Dungeon |  19960 |  17403 |   2557 |   2258 |  13242 |  15 | 1330.7 |
        Temple |     30 |      2 |     28 |      0 |      0 |   1 |   30.0 |
          Lair |   9140 |   8526 |    614 |    801 |   6948 |   5 | 1828.0 |
        Shoals |   6849 |   4805 |   2044 |   3032 |    686 |   4 | 1712.2 |
   Spider Nest |   8311 |   7801 |    510 |   1769 |   4991 |   4 | 2077.8 |
    Slime Pits |   2116 |   1835 |    281 |    401 |    990 |   5 |  423.2 |
  Orcish Mines |   2933 |   2352 |    581 |   1117 |    838 |   2 | 1466.5 |
   Elven Halls |   7415 |   6520 |    895 |   1931 |   3610 |   3 | 2471.7 |
        Vaults |  12191 |  11422 |    769 |   1341 |   8341 |   5 | 2438.2 |
         Crypt |   3902 |   3715 |    187 |    267 |   2763 |   3 | 1300.7 |
          Tomb |   3907 |   3496 |    411 |    169 |   2367 |   3 | 1302.3 |
        Depths |   6095 |   5467 |    628 |    757 |   3793 |   4 | 1523.8 |
          Hell |    508 |    371 |    137 |    135 |     93 |   1 |  508.0 |
           Dis |   2574 |   2003 |    571 |    221 |   1045 |   7 |  367.7 |
       Gehenna |   2206 |   2039 |    167 |     29 |   1429 |   7 |  315.1 |
       Cocytus |    962 |    622 |    340 |    186 |     56 |   6 |  160.3 |
      Tartarus |   2073 |   1625 |    448 |    383 |    690 |   7 |  296.1 |
           Zot |   6124 |   5494 |    630 |    548 |   3849 |   5 | 1224.8 |
         Abyss |    313 |    313 |      0 |     19 |     59 |   2 |  156.5 |
   Pandemonium |   4600 |   4600 |      0 |    300 |   1873 |  12 |  383.3 |
      Ziggurat |   2409 |   2409 |      0 |     15 |   1354 |  19 |  126.8 |
               +--------+--------+--------+--------+--------+-----+--------+

Top non-repeatable levels by time:
   Elf:3: 3537 daAuts
Vaults:3: 2906 daAuts
Vaults:1: 2729 daAuts
Vaults:2: 2529 daAuts
  Lair:5: 2487 daAuts
  Tomb:1: 2363 daAuts
   Elf:1: 2307 daAuts
  Lair:3: 2285 daAuts
Spider:1: 2235 daAuts
Spider:4: 2217 daAuts
Shoals:3: 2197 daAuts
Vaults:5: 2192 daAuts
     D:8: 2187 daAuts
Shoals:2: 2033 daAuts
    D:14: 2007 daAuts
